 Dungeon Crawl Stone Soup version 0.18.1-8-gdd0e5ea (webtiles) character file.

11672162 Necrotakul the Axe Maniac (level 27, 300/300 HPs)
             Began as a Minotaur Fighter on May 31, 2016.
             Was the Champion of Qazlal.
             Escaped with the Orb
             ... and 15 runes on June 7, 2016!
             The game lasted 15:13:30 (145775 turns).

Necrotakul the Axe Maniac (Minotaur Fighter)      Turns: 145775, Time: 15:13:30

Health: 300/300    AC: 46    Str: 31    XL:     27
Magic:  59/59      EV: 32    Int: 19    God:    Qazlal [******]
Gold:   14161      SH: 31    Dex: 23    Spells: 12 memorised, 23 levels left

rFire  + + +     SeeInvis .     O - +9 sacred scourge (holy)
rCold  + + +     Gourm    +     o - +5 plate armour "Ykuynk" {rN+}
rNeg   + + +     Faith    .     P - +2 shield of Resistance {rF+ rC+ MR+}
rPois  +         Spirit   .     Y - +3 hat of Pondering {ponderous, MR+ MP+10 Int+5}
rElec  +         Dismiss  .     T - +2 cloak {rC+}
rCorr  .         Reflect  .     y - +2 pair of gloves {rC+}
SustAt .         Harm     .     d - +2 pair of boots {Fly}
MR     +++++     Clarity  +     B - amulet of Dim Light {Gourm rPois rF+ Int+3 Dex+4}
Stlth  ..........               b - ring "Irizoon" {rElec rF+ rN+ Dex+4 Stlth+}
                                w - ring "Vomefri" {*Drain rN+ Int+4 Slay+2 Stlth-}

@: flying, very slightly contaminated, repel missiles, slow, almost entirely
resistant to hostile enchantments, extremely unstealthy
A: retaliatory headbutt, horns 2, slimy green scales 1, yellow scales 1,
clarity, magic resistance 1, robust 1, screaming 1, strong 2, evolution 2, no
device heal 1
a: Upheaval, Elemental Force, Disaster Area, Renounce Religion, Stop Flying
0: Orb of Zot
}: 15/15 runes: decaying, serpentine, slimy, silver, golden, iron, obsidian,
icy, bone, abyssal, demonic, glowing, magical, fiery, dark


You escaped.
You worshipped Qazlal.
Qazlal was exalted by your worship.
You were not hungry.

You visited 18 branches of the dungeon, and saw 93 of its levels.
You visited Pandemonium 1 time, and saw 25 of its levels.
You visited the Abyss 5 times.
You visited 3 ziggurats (completing 1), and saw 66 of their levels.
You also visited: Labyrinth, Ossuary, Bailey, Ice Cave, Volcano and Wizlab.

You collected 17720 gold pieces.
You spent 3559 gold pieces at shops.

Inventory:

Hand Weapons
 O - a +9 sacred scourge of holy wrath (weapon)
 V - a +9 broad axe of chopping
Missiles
 e - 3 silver javelins (quivered)
Armour
 d - a +2 pair of boots of flying (worn)
 o - the +5 plate armour "Ykuynk" (worn) {rN+}
   (You found it on level 5 of a ziggurat)

   It protects you from negative energy.
 y - a +2 pair of gloves of cold resistance (worn)
 P - the +2 shield of Resistance (worn) {rF+ rC+ MR+}
   (You found it on level 11 of a ziggurat)

   It protects you from fire.
   It protects you from cold.
   It affects your resistance to hostile enchantments.
 T - a +2 cloak of cold resistance (worn)
 Y - the +3 hat of Pondering (worn) {ponderous, MR+ MP+10 Int+5}
   (You found it on level 6 of the Pits of Slime)

   It affects your intelligence (+5).
   It affects your resistance to hostile enchantments.
   It affects your magic capacity (+10).
Jewellery
 b - the ring "Irizoon" (right hand) {rElec rF+ rN+ Dex+4 Stlth+}
   (You found it on level 8 of a ziggurat)

   [ring of protection from fire]

   It affects your dexterity (+4).
   It protects you from fire.
   It insulates you from electricity.
   It protects you from negative energy.
   It makes you more stealthy.
 w - the ring "Vomefri" (left hand) {*Drain rN+ Int+4 Slay+2 Stlth-}
   (You found it on level 3 of the Tomb of the Ancients)

   [ring of loudness]

   It affects your intelligence (+4).
   It affects your accuracy and damage with ranged weapons and melee attacks
   (+2).
   It protects you from negative energy.
   It causes draining when unequipped.
   It makes you less stealthy.
 B - the amulet of Dim Light (around neck) {Gourm rPois rF+ Int+3 Dex+4}
   (You found it on level 3 of the Elven Halls)

   [amulet of the gourmand]

   It allows you to eat raw meat even when not hungry.
   It affects your intelligence (+3).
   It affects your dexterity (+4).
   It protects you from fire.
   It protects you from poison.
Wands
 m - a wand of hasting (0/9)
 r - a wand of disintegration (10/24)
 s - a wand of heal wounds (5/9)
 E - a wand of teleportation (4/9)
 S - a wand of digging (3/24)
Scrolls
 c - 11 scrolls of silence
 g - 8 scrolls of identify
 j - 9 scrolls of enchant armour
 k - 35 scrolls of teleportation
 n - 20 scrolls of recharging
 q - 13 scrolls of holy word
 u - a scroll of immolation
 v - 66 scrolls of remove curse
 z - 4 scrolls of magic mapping
 C - 3 scrolls of blinking
 F - 9 scrolls of summoning
 I - 18 scrolls of amnesia
Potions
 h - 5 potions of haste
 t - 5 potions of magic
 x - 32 potions of curing
 A - 9 potions of brilliance
 M - 6 potions of cancellation
 N - 5 potions of resistance
 Q - 3 potions of might
 U - 7 potions of berserk rage
 Z - 21 potions of cure mutation
Miscellaneous
 L - 8 phantom mirrors
Comestibles
 f - 43 bread rations
 l - 44 fruits
 p - 27 royal jellies
 H - 37 meat rations
 W - 20 beef jerkies


   Skills:
 O Level 27 Fighting
 O Level 27 Axes
 - Level 22.6(27) Maces & Flails
 - Level 3.7 Throwing
 O Level 27 Armour
 O Level 27 Dodging
 O Level 27 Shields
 + Level 23.8 Spellcasting
 - Level 6.6 Charms
 O Level 27 Necromancy
 O Level 27 Translocations
 - Level 11.8 Transmutations
 O Level 27 Invocations
 O Level 27 Evocations


You had 23 spell levels left.
You knew the following spells:

 Your Spells              Type           Power        Failure   Level  Hunger
a - Controlled Blink      Tloc           N/A          1%          8    ######.
b - Deflect Missiles      Chrm/Air       #####.....   99%         6    ###....
c - Sublimation of Blood  Necr           #######...   0%          2    None
d - Regeneration          Chrm/Necr      ######....   0%          3    None
e - Blink                 Tloc           N/A          0%          2    None
f - Necromutation         Trmt/Necr      #######...   14%         8    ######.
g - Swiftness             Chrm/Air       #####...     1%          2    None
h - Vampiric Draining     Necr           #######...   0%          3    None
i - Lee's Rapid Deconstr  Erth           ###.......   98%         5    None
j - Apportation           Tloc           #######...   0%          1    None
k - Borgnjor's Revivific  Necr           #######...   1%          8    ######.
l - Song of Slaying       Chrm           #####...     1%          2    None


Dungeon Overview and Level Annotations

Branches:
Dungeon (15/15)            Temple (1/1) D:5            Lair (8/8) D:9
  Swamp (4/4) Lair:6        Snake (4/4) Lair:5        Slime (6/6) Lair:6
    Orc (2/2) D:12            Elf (3/3) Orc:2        Vaults (5/5) D:14
  Crypt (3/3) Vaults:2       Tomb (3/3) Crypt:3      Depths (5/5) D:15
   Hell (1/1)                 Dis (7/7) Hell            Geh (7/7) Hell
    Coc (7/7) Hell            Tar (7/7) Hell            Zot (5/5) Depths:5

Altars:
Ashenzari
Cheibriados
Dithmenos
Elyvilon
Fedhas
Gozag
Kikubaaqudgha
Makhleb
Nemelex Xobeh
Okawaru
Pakellas
Qazlal
Ru
Sif Muna
Trog
Vehumet
Xom
Yredelemnul
Zin
The Shining One
Beogh
Jiyva

Shops:
D:6 *   D:8 ?   D:9 ?   D:12 (   D:13 }   Orc:2 ?!![   Elf:1 *=%*   Snake:1 *
Snake:4 %*

Portals:
Hell: Lair:8 Depths:1 Depths:2 Depths:3 Depths:4 Depths:5
Abyss: Depths:3 Depths:4
Pandemonium: Depths:1 Depths:3 Depths:5

Annotations:
Lair:7 exclusion: 3 oklob plants


Innate Abilities, Weirdness & Mutations

You reflexively headbutt those who attack you in melee.
You have a pair of horns on your head.
You are partially covered in slimy green scales (AC +2).
You are partially covered in yellow scales (AC +2).
You possess an exceptional clarity of mind.
You are resistant to hostile enchantments.
You are robust (+10% HP).
You occasionally shout uncontrollably at your foes.
Your muscles are very strong. (Str +4)
You rapidly evolve.
Potions and wands are less effective at restoring your health.


Message History

You barely miss the soul eater.
You headbutt the soul eater, but do no damage.
The soul eater is engulfed in roaring flames.
You block the soul eater's attack.
You hit the soul eater but do no damage.
You headbutt the soul eater!
The soul eater is moderately wounded.
You whack the soul eater!
The soul eater convulses!
You headbutt the soul eater, but do no damage.
The soul eater is severely wounded.
The soul eater is engulfed in roaring flames.
You block the soul eater's attack.
You thrash the soul eater!!
You kill the soul eater!
Evoke which item? (* to show all) (? for menu, Esc to quit)
Zapping:
S - a wand of digging (4/24)
Press: ? - help, Shift-Dir - straight line The rock shatters into small pieces.
This wand has 3 charges left.
There is a staircase leading out of the dungeon here.
You have escaped!

#.........##########..######.
#.#........##...#.....######.
#.##..............###........
#####.###..#...§......#
########.
#.....####+####.#.....# #.
#......###....###..§..# #.
#......##.....§.#.##.## ##
#..........#..§..§####
#.....##.####...@...# ######
#.....##..#####.....#
######.....
##.######...#####.#.#
#.......... #.# #.....###.#.#
#.####..... #.#
#.......#######.# #.....
#.########.......##....# #####.
#.......##..##....#.###########.
#........##########...###.......
#.......## #.#.......####


There were no monsters in sight!

Vanquished Creatures
  Cerebov (Pan)
  Asmodeus (Geh:7)
  the Royal Jelly (Slime:6)
  Antaeus (Coc:7)
  Ereshkigal (Tar:7)
  Gloorx Vloq (Pan)
  the Serpent of Hell (Geh:7)
  A seraph (Pan)
  Mnoleg (Pan)
  Lom Lobon (Pan)
  Dispater (Dis:7)
  8 orbs of fire
  Mara (Vaults:5)
  The ghost of Burgietje the Conqueror, a legendary MiFi of Jiyva (Geh:7)
  Mennas (Pan)
  19 ancient liches
  5 juggernauts
  55 pandemonium lords
  The ghost of Dadi the Skullcrusher, a legendary GrFi of the Shining One (Dis:7)
  Sojobo (Vaults:2)
  36 greater mummies
  Margery (Depths:1)
  23 shard shrikes
  A caustic shrike (shapeshifter) (Zig:10)
  29 Killer Klowns
  6 caustic shrikes
  Geryon (Hell)
  24 golden dragons
  12 iron giants
  11 pearl dragons
  6 profane servitors
  36 bone dragons
  31 Tzitzimimeh
  10 doom hounds
  A Hellbinder (WizLab)
  4 electric golems
  A hellephant (Zig:13)
  36 Brimstone Fiends
  Jorgrun (Swamp:4)
  29 tentacled monstrosities
  25 Hell Sentinels
  27 Orb Guardians
  18 Ice Fiends
  An acid blob (shapeshifter) (Zig:19)
  9 quicksilver dragons
  7 titans
  25 liches
  14 deep elf blademasters
  29 acid blobs
  16 deep elf master archers
  10 sphinxes
  4 death cobs
  36 Executioners
  31 ancient champions
  31 tentacled starspawn
  2 quicksilver dragons (shapeshifter)
  5 eldritch tentacles
  Murray (Depths:3)
  A shadow dragon (shapeshifter) (Zig:15)
  A sphinx (shapeshifter) (Zig:19)
  26 shadow dragons
  57 greater nagas
  2 thorn hunters
  6 storm dragons
  8 tengu reavers
  Roxanne (D:15)
  3 fire giants (shapeshifter) (Zig:19)
  19 revenants
  5 azure jellies (shapeshifter)
  15 fire giants
  17 vault wardens
  8 iron dragons
  4 draconian monks
  19 azure jellies
  24 frost giants
  29 daevas
  4 draconian knights
  10 deep elf sorcerers
  8 draconian scorchers
  Aizul (Snake:3)
  3 juggernaut zombies
  3 emperor scorpions (shapeshifter)
  44 cacodemons
  10 curse skulls
  3 frost giants (shapeshifter)
  22 orc warlords
  53 angels
  49 balrugs
  8 draconian annihilators
  17 ghost moths
  8 draconian shifters
  14 emperor scorpions
  A caustic shrike zombie (Zig:11)
  14 warmongers
  3 spriggan defenders
  2 draconian callers
  9 deep elf elementalists
  2 stone giants (shapeshifter)
  A caustic shrike skeleton (Zig:25)
  112 reapers
  7 ghouls
  A juggernaut skeleton (Zig:25)
  51 stone giants
  4 blood saints
  14 ironheart preservers
  46 very ugly things
  23 war gargoyles
  4 elemental wellsprings
  An apis (shapeshifter) (Zig:15)
  18 deep elf demonologists
  12 chaos champions
  45 apis
  23 salamander stormcallers
  24 vampire knights
  20 lorocyprocas
  5 black draconians
  16 black suns
  41 ophanim
  11 green draconians
  6 purple draconians
  5 dire elephants
  14 bennus
  17 corrupters
  8 white draconians
  6 red draconians
  25 deep elf annihilators
  70 small abominations
  8 yellow draconians
  12 deep elf death magi
  29 mummy priests
  16 spark wasps
  3 dire elephants (shapeshifter)
  6 mottled draconians
  23 ettins
  5 crystal guardians
  40 green deaths
  Snorg (Lair:8)
  47 blizzard demons
  10 death oozes
  10 quicksilver dragon zombies
  14 eidola
  28 fire dragons
  9 merfolk javelineers
  37 vault guards
  9 merfolk impalers
  2 kraken zombies (Coc:1)
  19 jiangshi
  29 ice dragons
  46 hydras
  36 entropy weavers
  20 deep elf high priests
  5 quicksilver dragon skeletons
  20 great orbs of eyes
  13 yaktaur captains
  12 rakshasas
  9 hell beasts
  9 spriggan air magi
  A ghost crab (shapeshifter) (Zig:19)
  28 naga warriors
  7 death knights
  2 catoblepae (shapeshifter)
  An alligator snapping turtle (Zig:2)
  3 merfolk avatars
  An anaconda (shapeshifter) (Vaults:5)
  29 anacondas
  12 merfolk aquamancers
  6 ghost crabs
  13 centaur warriors
  10 monstrous demonspawn
  3 catoblepae
  51 dancing weapons
  12 ogre magi
  14 deep troll earth magi
  A queen ant (Lair:1)
  7 death yaks
  10 tengu warriors
  2 satyrs (Zig:20)
  16 alligators
  A death yak (shapeshifter) (Zig:18)
  An alligator snapping turtle (shapeshifter) (Zig:19)
  37 hell hogs
  34 naga sharpshooters
  21 vampire magi
  A hell hog (shapeshifter) (Zig:16)
  9 titan zombies
  6 deep troll shamans
  22 shock serpents
  A shock serpent (shapeshifter) (Zig:18)
  9 spriggan berserkers
  19 orc high priests
  15 storm dragon zombies
  34 thrashing horrors
  38 deep elf knights
  95 hell knights
  45 soul eaters
  6 holy swine (Pan)
  19 titan skeletons
  88 sun demons
  Nergalle (D:11)
  11 wizards
  2 fire crabs (shapeshifter) (Zig:19)
  4 salamander mystics
  13 iron trolls
  29 shadow wraiths
  56 death scarabs
  3 spark wasp zombies
  4 iron golems
  14 death drakes
  9 sea snakes
  8 storm dragon skeletons
  36 cherubim
  150 skeletal warriors
  24 wretched stars
  117 large abominations
  An unseen horror (shapeshifter) (Zig:18)
  25 flayed ghosts
  17 anaconda zombies
  2 spatial maelstroms
  17 unseen horrors
  13 gelid demonspawn
  12 golden dragon zombies
  A quicksilver dragon simulacrum (Abyss:1)
  8 ghost moth zombies
  5 spriggan druids
  20 deep trolls
  9 hill giants
  2 sea snakes (shapeshifter)
  15 infernal demonspawn (Pan)
  13 putrid demonspawn (Pan)
  26 swamp dragons
  30 shadow demons
  A death drake (shapeshifter) (Zig:16)
  A swamp dragon (shapeshifter) (D:15)
  4 tengu zombies
  21 naga ritualists
  21 harpies
  9 giant orange brains
  2 anubis guards (shapeshifter)
  4 sphinx zombies
  7 golden dragon skeletons
  9 shadow dragon zombies
  3 spectral hydras (Swamp:3)
  28 deep elf archers
  3 lindwurms (shapeshifter)
  30 anubis guards
  19 phantasmal warriors
  4 anaconda skeletons
  13 iron dragon zombies
  10 shambling mangroves
  An orange crystal statue (Zig:2)
  9 torturous demonspawn (Pan)
  33 orc knights
  4 stone giant zombies
  2 wolf spiders (shapeshifter) (Vaults:5)
  The ghost of jesusflecha the Shield-Bearer, a novice FoFi of the Shining One (D:6)
  4 wolf spider zombies
  2 hill giants (shapeshifter)
  A harpy (shapeshifter) (Zig:19)
  27 necromancers
  5 tengu skeletons
  An orb spider (shapeshifter) (Zig:18)
  12 orb spiders
  13 mana vipers
  18 ironbrand convokers
  9 shining eyes
  3 shadow dragon skeletons
  29 wolf spiders
  7 manticores
  16 orc sorcerers
  16 hornets
  3 mana vipers (shapeshifter)
  22 salamanders
  3 shining eyes (shapeshifter)
  117 deep elf magi
  A salamander (shapeshifter) (Zig:10)
  A cyclops (shapeshifter) (Zig:19)
  3 fauns (Zig:20)
  18 fire giant zombies
  8 griffons
  A manticore (shapeshifter) (Zig:1)
  Joseph (D:8)
  10 oklob plants (Zig:19)
  16 frost giant zombies
  15 worldbinders
  10 cyclopes
  55 ugly things
  36 moths of wrath
  2 octopodes (shapeshifter) (Zig:19)
  47 sixfirhies
  6 sirens
  15 iron dragon skeletons
  8 stone giant skeletons
  60 rust devils
  An eye of devastation (shapeshifter) (Zig:18)
  5 eyes of devastation
  9 frost giant skeletons
  A titan simulacrum (Coc:7)
  82 black mambas
  Maurice (D:13)
  16 fire giant skeletons
  6 elephants
  100 smoke demons
  19 apocalypse crabs
  49 naga magi
  18 vault sentinels
  9 dire elephant zombies
  14 water nymphs
  A black mamba (shapeshifter) (Depths:1)
  32 guardian serpents
  46 orange demons
  5 spriggan zombies
  15 molten gargoyles
  7 ice statues
  2 shock serpent skeletons
  A yaktaur zombie (Vaults:3)
  3 gargoyles
  55 hellions
  30 spiny frogs
  2 catoblepas zombies
  11 torpor snails
  6 rime drakes
  2 emperor scorpion zombies
  5 rime drakes (shapeshifter)
  140 starcursed masses
  42 yaktaurs
  A grey draconian zombie (Crypt:1)
  5 swamp worm zombies (Swamp:3)
  6 kobold demonologists
  23 efreet
  35 demonic crawlers
  3 dire elephant skeletons
  19 komodo dragons
  68 freezing wraiths
  4 elf skeletons
  79 ice devils
  81 tormentors
  26 ancient zymes
  63 guardian mummies
  80 red devils
  A minotaur zombie (Lab)
  A polar bear (shapeshifter) (Abyss:5)
  2 wind drakes (Zig:20)
  A troll (shapeshifter) (Abyss:5)
  24 merfolk
  3 silent spectres
  36 hellwings
  3 harpy zombies (Coc:4)
  2 polar bears (Lair:7)
  11 hydra zombies
  26 two-headed ogres
  2 iron troll skeletons
  21 jumping spiders
  10 giant leeches
  A queen bee (shapeshifter) (Zig:19)
  A wind drake (shapeshifter) (Zig:19)
  16 trolls
  23 bog bodies
  2 tengu conjurers
  A raiju (shapeshifter) (Vaults:4)
  A two-headed ogre (shapeshifter) (Zig:15)
  9 hydra skeletons
  102 raiju
  10 ettin zombies
  31 blink frogs
  113 slime creatures
  12 boulder beetles
  5 ice dragon zombies
  A guardian serpent skeleton (Crypt:2)
  2 boulder beetles (shapeshifter)
  12 fire dragon zombies
  3 spectral swamp dragons (Swamp:3)
  A blink frog (shapeshifter) (Zig:19)
  19 ushabtiu
  3 frost giant simulacra
  4 harpy skeletons
  6 snapping turtles
  2 stone giant simulacra
  10 alligator zombies
  11 fire dragon skeletons
  A tarantella (shapeshifter) (Zig:19)
  4 black mamba zombies
  283 flying skulls
  43 redbacks
  Sigmund (D:6)
  6 ettin skeletons
  A spriggan simulacrum (Zig:10)
  6 alligator skeletons
  24 shadows
  19 tarantellas
  8 ice dragon skeletons
  13 air elementals
  11 fire bats
  A wyvern (shapeshifter) (Zig:15)
  A basilisk (shapeshifter) (Abyss:4)
  9 spriggans
  54 water elementals
  57 wraiths
  35 fire elementals
  A vampire (Abyss:1)
  69 yaks
  A fire bat (shapeshifter) (Depths:3)
  A wyvern (D:9)
  56 ynoxinuls
  7 basilisks
  2 black mamba skeletons
  A golden eye (shapeshifter) (Depths:4)
  14 golden eyes
  30 vampire mosquitoes
  13 hippogriffs
  47 neqoxecs
  43 chaos spawn
  A catoblepas simulacrum (Abyss:2)
  3 spatial vortices
  5 hungry ghosts
  Menkaure (D:7)
  A steam dragon (Lair:4)
  Edmund (D:5)
  21 wargs
  64 nagas
  A merfolk zombie (Dis:7)
  24 swamp worms
  11 insubstantial wisps
  4 mottled dragons
  21 soldier ants
  22 water moccasins
  Duvessa (D:7)
  11 porcupines
  10 spiny frog zombies
  A torturous demonspawn skeleton (Pan)
  5 giant eyeballs
  A giant eyeball (shapeshifter) (Zig:19)
  A merfolk skeleton (Tar:2)
  7 sky beasts
  65 hell hounds
  4 spiny frog skeletons
  A black bear (Lair:4)
  135 orc warriors
  26 wasps
  8 snapping turtle zombies
  A swamp drake (shapeshifter) (Depths:3)
  19 swamp drakes
  2 manticore zombies
  A black bear (shapeshifter) (Vaults:1)
  A faun skeleton (Crypt:2)
  2 swamp dragon zombies
  An alligator simulacrum (Coc:7)
  An ogre (shapeshifter) (Vaults:5)
  6 snapping turtle skeletons
  2 boggarts
  12 phantoms
  The ghost of jesusflecha the Covered, an amateur FoFi (D:3)
  14 ice beasts
  26 centaurs
  72 ogres
  27 necrophages
  34 wolves
  19 eyes of draining
  3 manticore skeletons
  2 swamp dragon skeletons
  29 crocodiles
  A big kobold (Abyss:1)
  20 elf zombies
  5 human skeletons
  7 human zombies
  Blork the orc (Elf:3)
  A wyvern zombie (D:8)
  22 giant frogs
  10 earth elementals
  2 glowing shapeshifter simulacra
  Dowan (D:7)
  2 wyvern skeletons (D:10)
  A troll zombie (Swamp:3)
  4 scorpions
  40 jellies
  2 snapping turtle simulacra
  7 killer bees
  4 spriggan skeletons
  109 wights
  3 electric eels
  12 howler monkeys
  A yak skeleton (Crypt:2)
  A troll skeleton (D:9)
  A vampire bat (Lair:8)
  13 crimson imps
  A giant frog zombie (D:9)
  A lava snake (Volcano)
  9 quasits
  A demonspawn zombie (Crypt:1)
  7 hounds
  5 centaur zombies
  A wasp zombie (D:11)
  32 orc priests
  3 giant frog skeletons
  49 iron imps
  5 centaur skeletons
  32 orc wizards
  Crazy Yiuf (D:7)
  12 iguanas
  A lightning spire (Zig:7)
  30 worker ants
  36 sheep
  3 naga zombies
  An ogre zombie (Dis:1)
  2 hound skeletons
  119 mummies
  Robin (D:2)
  3 worker ant zombies
  An adder (shapeshifter) (Abyss:1)
  10 adders
  8 gnolls
  57 river rats
  15 shadow imps
  75 white imps
  10 ufetubi
  An iguana skeleton (Crypt:2)
  A lava snake skeleton (Crypt:1)
  2 worms
  5 dart slugs
  7 giant geckos
  209 orcs
  23 bats
  6 giant cockroaches
  17 goblins
  10 hobgoblins
  11 jackals
  13 kobolds
  3 quokkas
  A ball python (D:4)
  A ball python skeleton (D:4)
  6 giant newts
  2 goblin skeletons (Ossuary)
  A jackal skeleton (Crypt:1)
  A jackal zombie (D:6)
  3 kobold skeletons
  A kobold zombie (Crypt:1)
  7 orc skeletons
  A quokka skeleton (D:4)
  23 rats
  11 rat skeletons (Ossuary)
  A block of ice (Pan)
  12 briar patches
  8 bushes
  27 crawling corpses
  An eldritch tentacle segment (Coc:7)
  5 fire vortices
  69 fungi
  5 lost souls
  2 lurking horrors
  48 plants
  33 starspawn tentacles
  3 starspawn tentacle segments
  5 tentacles (Coc:1)
  A tentacle segment (Coc:1)
9422 creatures vanquished.

Vanquished Creatures (collateral kills)
  Norris (Snake:3)
  A lich (Depths:4)
  Asterion (Vaults:2)
  Agnes (Snake:2)
  2 Executioners (Pan)
  Louise (Elf:1)
  A minotaur (Lab)
  2 naga warriors
  The ghost of rockintein the Severer, a journeyman MiBe of Trog (Bailey)
  4 hydras
  A catoblepas (Lair:8)
  A dancing weapon (Elf:2)
  A skeletal warrior (D:15)
  A deep elf knight (Elf:2)
  An unseen horror (D:13)
  A salamander (Snake:3)
  An ugly thing (D:14)
  A black mamba (Snake:3)
  A centaur zombie (D:15)
  A demonic crawler (Pan)
  A hellwing (Depths:4)
  2 blink frogs (Lair:8)
  A spriggan (Swamp:3)
  A naga (Snake:3)
  An orc warrior (Bailey)
  A crocodile (Lair:8)
  A hound (D:13)
  A ball lightning (Pan)
  A spectral weapon (Vaults:2)
35 creatures vanquished.

Vanquished Creatures (others)
  A Killer Klown (Zot:5)
  A deep elf master archer (Elf:3)
  A deep elf blademaster (Zig:7)
  A death cob (Zot:5)
  6 eldritch tentacles
  A thorn hunter (Swamp:3)
  A daeva (Zig:23)
  3 greater nagas (Zig:16)
  A revenant (Tomb:2)
  A frost giant (Vaults:5)
  A deep elf sorcerer (Elf:2)
  A draconian knight (Depths:5)
  A deep elf elementalist (Elf:3)
  A warmonger (Pan)
  A large abomination (Elf:1)
  An ironheart preserver (Vaults:4)
  An elemental wellspring (Coc:6)
  An ettin (Vaults:5)
  Josephine (Lair:6)
  A hell beast (Zig:19)
  An anaconda (Zig:16)
  3 alligators
  3 centaur warriors
  A death yak (Lair:8)
  4 hell hogs
  An ogre mage (Vaults:5)
  A hell knight (Geh:7)
  A deep elf knight (Elf:3)
  A sun demon (Pan)
  A naga ritualist (Zig:16)
  2 skeletal warriors
  An unseen horror (D:11)
  3 cherubim
  3 death scarabs (Tomb:2)
  5 deep elf archers
  4 deep elf magi
  2 statues (D:15)
  A hornet (Zig:21)
  An ugly thing (Vaults:4)
  2 naga magi
  A vault sentinel (Vaults:2)
  3 smoke demons
  A dire elephant skeleton (Geh:7)
  2 komodo dragons
  2 freezing wraiths
  A merfolk (Zig:7)
  A guardian mummy (Tomb:2)
  A two-headed ogre (Vaults:5)
  A bog body (Zig:21)
  An ushabti (Tomb:3)
  11 flying skulls
  2 water elementals
  A wraith (Geh:7)
  An air elemental (Zig:15)
  An ettin skeleton (Tomb:2)
  A vampire mosquito (Zig:9)
  A naga (Zig:18)
  A water moccasin (Lair:8)
  2 orc warriors
  A necrophage (Geh:4)
  An ogre (Vaults:5)
  3 small abominations
  A wolf (Lair:4)
  9 centaurs
  A big kobold (D:13)
  An orc wizard (D:14)
  An ogre zombie (Geh:5)
  2 mummies
  4 white imps (IceCv)
  3 ufetubi (IceCv)
  16 ball lightnings (Pan)
  3 orcs
  2 briar patches (Zig:9)
  2 bushes
  2 crawling corpses
  582 eldritch tentacle segments
  16 fungi
  7 lost souls
  4 lurking horrors
  46 plants
  58 starspawn tentacles
  730 starspawn tentacle segments
  8 tentacles (Coc:1)
  587 tentacle segments (Coc:1)
  5 withered plants (Swamp:3)
2198 creatures vanquished.

Grand Total: 11655 creatures vanquished

Notes
Turn   | Place    | Note
--------------------------------------------------------------
     0 | D:1      | Necrotakul the Minotaur Fighter began the quest for the Orb.
     0 | D:1      | Reached XP level 1. HP: 19/19 MP: 0/0
   187 | D:1      | Reached XP level 2. HP: 21/26 MP: 1/1
   416 | D:2      | Reached XP level 3. HP: 31/31 MP: 2/2
   450 | D:2      | Noticed Robin
   464 | D:2      | Killed Robin
   710 | D:2      | Reached skill level 5 in Axes
   741 | D:2      | Found a snail-covered altar of Cheibriados.
   894 | D:2      | Reached XP level 4. HP: 34/39 MP: 3/3
  1777 | D:3      | Reached XP level 5. HP: 40/45 MP: 4/4
  1830 | D:3      | Noticed jesusflecha's ghost (amateur FoFi)
  1843 | D:3      | Killed jesusflecha's ghost
  1843 | D:3      | Reached skill level 5 in Armour
  2356 | D:3      | Reached XP level 6. HP: 49/51 MP: 5/5
  2475 | D:3      | Found a shattered altar of Ashenzari.
  3538 | D:4      | Found a glowing golden altar of the Shining One.
  3938 | D:5      | Entered Level 5 of the Dungeon
  3998 | D:5      | Reached skill level 5 in Shields
  4234 | D:5      | Found a staircase to the Ecumenical Temple.
  4252 | Temple   | Entered the Ecumenical Temple
  4906 | D:5      | Noticed a sky beast
  4917 | D:5      | Killed a sky beast
  4917 | D:5      | Reached skill level 5 in Fighting
  4917 | D:5      | Reached XP level 7. HP: 61/61 MP: 6/6
  5121 | D:5      | You fall through a shaft for 2 floors!
  5121 | D:7      | Noticed a hippogriff
  5130 | D:7      | Killed a hippogriff
  5145 | D:7      | Noticed Duvessa
  5147 | D:7      | Noticed Dowan
  5148 | D:6      | Found Wuoxzidgh's Assorted Antiques.
  5148 | D:6      | Noticed jesusflecha's ghost (novice FoFi)
  5624 | D:6      | Noticed Edmund
  5626 | D:6      | Reached skill level 1 in Dodging
  5649 | D:5      | Killed Edmund
  5817 | D:5      | Reached XP level 8. HP: 63/70 MP: 7/7
  5907 | D:6      | Reached skill level 5 in Dodging
  6198 | D:6      | Bought a brightly glowing war axe for 272 gold pieces
  6301 | D:6      | Found a burning altar of Makhleb.
  6565 | D:6      | Noticed Sigmund
  6590 | D:6      | Killed Sigmund
  7179 | D:6      | Killed jesusflecha's ghost
  7179 | D:6      | Reached skill level 10 in Axes
  7179 | D:6      | Reached XP level 9. HP: 50/75 MP: 8/8
  7401 | D:6      | Found a glowing silver altar of Zin.
  7403 | D:6      | Found an ancient bone altar of Kikubaaqudgha.
  7403 | D:6      | Found a sparkling altar of Nemelex Xobeh.
  7410 | D:6      | Found a white marble altar of Elyvilon.
  7541 | D:6      | Found a sacrificial altar of Ru.
  7616 | D:7      | Noticed Menkaure
  7622 | D:7      | Killed Menkaure
  7726 | D:7      | Killed Duvessa
  7730 | D:7      | Killed Dowan
  8221 | D:7      | Noticed Crazy Yiuf
  8225 | D:7      | Killed Crazy Yiuf
  8294 | D:8      | Found Qerisim's Magic Scroll Boutique.
  8298 | D:8      | Bought a scroll of remove curse for 33 gold pieces
  8337 | D:8      | Identified the cursed +1 war axe of Perem {speed, +Inv rN+} (You bought it in a shop on level 6 of the Dungeon)
  8339 | D:8      | Bought a scroll of identify for 22 gold pieces
  8339 | D:8      | Bought a scroll of identify for 22 gold pieces
  8430 | D:8      | HP: 1/85 [very large slime creature (50)]
  8514 | D:8      | Reached skill level 10 in Fighting
  8720 | D:8      | Found a stormy altar of Qazlal.
  8729 | D:8      | Became a worshipper of Qazlal Stormbringer
  8764 | D:8      | Found a deep blue altar of Sif Muna.
  8809 | D:8      | Found an opulent altar of Gozag.
  8809 | D:8      | Found a radiant altar of Vehumet.
  8830 | D:8      | Found a shimmering altar of Xom.
  8864 | D:8      | Found a sand-covered staircase.
  8870 | Ossuary  | Entered an ossuary
  8974 | Ossuary  | Reached * piety under Qazlal
  9247 | D:8      | Noticed Joseph
  9260 | D:8      | Killed Joseph
  9260 | D:8      | Reached XP level 10. HP: 93/93 MP: 9/9
  9339 | D:8      | Reached ** piety under Qazlal
  9360 | D:8      | Reached skill level 10 in Armour
  9934 | D:9      | Found Tudwap Helo's Magic Scroll Shoppe.
 10108 | D:9      | Reached *** piety under Qazlal
 10425 | D:9      | Found a shadowy altar of Dithmenos.
 10427 | D:9      | Noticed an unseen horror
 10443 | D:9      | Killed an unseen horror
 10468 | D:9      | Noticed a hill giant
 10480 | D:9      | Killed a hill giant
 10480 | D:9      | Reached skill level 10 in Shields
 10491 | D:9      | Reached skill level 1 in Invocations
 10698 | D:9      | Reached XP level 11. HP: 76/99 MP: 11/11
 10878 | D:9      | Found a staircase to the Lair.
 11240 | Lair:1   | Entered Level 1 of the Lair of Beasts
 11323 | Lair:1   | Reached **** piety under Qazlal
 11340 | Lair:1   | Noticed a queen ant
 11360 | Lair:1   | Killed a queen ant
 11360 | Lair:1   | Reached skill level 5 in Invocations
 12226 | Lair:1   | Reached ***** piety under Qazlal
 12866 | Lair:1   | Reached skill level 10 in Invocations
 13039 | Lair:1   | Reached skill level 1 in Throwing
 13062 | Lair:2   | Found a frozen archway.
 13067 | Lair:2   | Reached XP level 12. HP: 97/106 MP: 18/18
 13142 | IceCv    | Entered an ice cave
 14515 | Lair:2   | Reached skill level 10 in Dodging
 15205 | Lair:3   | Reached ****** piety under Qazlal
 15245 | Lair:3   | Reached XP level 13. HP: 87/113 MP: 19/19
 16663 | Lair:5   | Found a staircase to the Snake Pit.
 17208 | Lair:5   | Learned a level 8 spell: Controlled Blink
 17388 | Lair:6   | Found a viscous altar of Jiyva.
 17389 | Lair:6   | Found a staircase to the Slime Pits.
 17451 | Lair:6   | Found a dark tunnel.
 17460 | Volcano  | Entered a volcano
 17657 | Volcano  | Found a burning altar of Makhleb.
 17662 | Volcano  | Paralysed by an orc sorcerer for 4 turns
 18132 | Lair:6   | Noticed Josephine
 18154 | Lair:6   | Killed Josephine
 18613 | Lair:6   | Found a staircase to the Swamp.
 18676 | Lair:6   | Identified 2 scrolls of acquirement
 18688 | Lair:6   | Got an ichor-stained hand axe
 18689 | Lair:6   | Identified the +0 hand axe of the Omega Point {chop, Fragile rF+ Str+4 Int+3} (You acquired it on level 6 of the Lair of Beasts)
 18693 | Lair:6   | Got a vibrating ivory ring
 18696 | Lair:6   | Identified the ring "Wacvoex" {*Drain MR+ Str+3 Int+4 Stlth+} (You acquired it on level 6 of the Lair of Beasts)
 19301 | Lair:7   | Identified the Volume of Burning Bewitchment (You found it on level 7 of the Lair of Beasts)
 19325 | Lair:8   | Entered Level 8 of the Lair of Beasts
 19343 | Lair:8   | Noticed Snorg
 19358 | Lair:8   | Killed Snorg
 19360 | Lair:8   | Reached XP level 14. HP: 64/124 MP: 5/20
 21229 | Lair:8   | Found a burning altar of Makhleb.
 21234 | Lair:8   | Found a gateway to Hell.
 21589 | Lair:8   | Reached skill level 15 in Axes
 22026 | D:10     | Entered Level 10 of the Dungeon
 22101 | D:10     | Noticed a war gargoyle
 22136 | D:10     | Killed a war gargoyle
 23095 | D:11     | Noticed Nergalle
 23115 | D:11     | Killed Nergalle
 23730 | D:11     | Noticed a storm dragon
 23730 | D:11     | a storm dragon changed into a catoblepas
 23733 | D:11     | Noticed a storm dragon
 23733 | D:11     | a catoblepas changed into a storm dragon
 24208 | D:12     | Reached XP level 15. HP: 109/130 MP: 21/21
 24245 | D:12     | Found a staircase to the Orcish Mines.
 24650 | D:12     | Found Votalusy's Weapon Shoppe.
 25090 | Orc:1    | Entered Level 1 of the Orcish Mines
 25160 | Orc:2    | Entered Level 2 of the Orcish Mines
 26497 | Orc:2    | Found Miss's Armour Emporium.
 26497 | Orc:2    | Found Caesaud's Distillery.
 26636 | Orc:2    | Found a roughly hewn altar of Beogh.
 26659 | Orc:2    | Found Voucomm's Magic Scroll Boutique.
 26659 | Orc:2    | Found Onat's Distillery.
 26712 | Orc:2    | Found a staircase to the Elven Halls.
 26750 | Orc:2    | Found an iron altar of Okawaru.
 26843 | Orc:2    | Bought a potion of mutation for 32 gold pieces
 26843 | Orc:2    | Bought a potion of heal wounds for 65 gold pieces
 26843 | Orc:2    | Bought a potion of degeneration for 13 gold pieces
 26843 | Orc:2    | Bought a potion of ambrosia for 104 gold pieces
 26843 | Orc:2    | Bought a potion of resistance for 130 gold pieces
 26843 | Orc:2    | Bought a potion of magic for 104 gold pieces
 26843 | Orc:2    | Bought a potion of cure mutation for 325 gold pieces
 26876 | Orc:2    | Bought a scroll of recharging for 114 gold pieces
 26876 | Orc:2    | Bought a scroll of identify for 24 gold pieces
 26876 | Orc:2    | Bought a scroll of identify for 24 gold pieces
 26876 | Orc:2    | Bought a scroll of recharging for 114 gold pieces
 26876 | Orc:2    | Bought a scroll of teleportation for 36 gold pieces
 26876 | Orc:2    | Bought a scroll of enchant armour for 90 gold pieces
 26876 | Orc:2    | Bought a scroll of enchant weapon for 90 gold pieces
 26876 | Orc:2    | Bought a scroll of amnesia for 42 gold pieces
 26885 | Orc:2    | Bought a potion of heal wounds for 70 gold pieces
 26885 | Orc:2    | Bought a potion of curing for 42 gold pieces
 26885 | Orc:2    | Bought a potion of curing for 42 gold pieces
 26885 | Orc:2    | Bought a potion of cancellation for 112 gold pieces
 26885 | Orc:2    | Bought a potion of might for 56 gold pieces
 26885 | Orc:2    | Bought a potion of curing for 42 gold pieces
 26885 | Orc:2    | Bought a potion of agility for 56 gold pieces
 26885 | Orc:2    | Bought a potion of heal wounds for 70 gold pieces
 27019 | D:13     | Found Futs's Gadget Emporium.
 27030 | D:13     | Found a labyrinth entrance.
 27039 | Lab      | Entered a labyrinth
 27649 | D:13     | Noticed Maurice
 27728 | D:13     | Killed Maurice
 28035 | D:13     | Found a roughly hewn altar of Beogh.
 28349 | D:13     | Learned a level 6 spell: Deflect Missiles
 28506 | D:14     | Found a flagged portal.
 28512 | Bailey   | Entered a bailey
 28639 | Bailey   | Noticed rockintein's ghost (journeyman MiBe)
 28665 | Bailey   | Killed rockintein's ghost
 29336 | D:14     | Found a gate to the Vaults.
 29380 | D:14     | Reached XP level 16. HP: 124/145 MP: 9/25
 29924 | D:15     | Entered Level 15 of the Dungeon
 30551 | D:15     | Reached skill level 15 in Invocations
 30964 | D:15     | Found a staircase to the Depths.
 31027 | D:15     | Noticed Roxanne
 31062 | D:15     | Killed Roxanne
 31132 | D:15     | Identified Roxanne's Reference Book on Transmigration (You took it off Roxanne on level 15 of the Dungeon)
 31285 | D:15     | Reached skill level 1 in Spellcasting
 31295 | D:15     | Learned a level 2 spell: Sublimation of Blood
 32080 | D:6      | Bought a runed crystal amulet for 160 gold pieces
 32113 | D:8      | Bought a scroll of enchant armour for 82 gold pieces
 32113 | D:8      | Bought 3 scrolls of recharging for 313 gold pieces
 32192 | D:9      | Bought a scroll of identify for 34 gold pieces
 32192 | D:9      | Bought a scroll of identify for 34 gold pieces
 32192 | D:9      | Bought a scroll of brand weapon for 340 gold pieces
 32192 | D:9      | Bought a scroll of teleportation for 51 gold pieces
 32192 | D:9      | Bought a scroll of teleportation for 51 gold pieces
 32192 | D:9      | Bought a scroll of summoning for 161 gold pieces
 32192 | D:9      | Bought a scroll of identify for 34 gold pieces
 32197 | D:9      | Reached XP level 17. HP: 151/151 MP: 27/27
 32484 | Elf:1    | Entered Level 1 of the Elven Halls
 33270 | Elf:1    | Found Buwomail's Food Emporium.
 33433 | Elf:1    | Noticed a Hell Sentinel
 33748 | Elf:1    | Reached skill level 15 in Fighting
 33939 | Elf:1    | Noticed Louise
 33984 | Elf:1    | Found Efag's Assorted Antiques.
 33997 | Elf:1    | Killed Louise
 34061 | Elf:1    | Reached XP level 18. HP: 163/163 MP: 28/28
 34152 | Elf:1    | Identified the Catalogue of Evil Magic
 34157 | Elf:1    | Learned a level 3 spell: Regeneration
 34226 | Elf:1    | Found Bikuewea's Assorted Antiques.
 34236 | Elf:1    | Bought a potion of curing for 63 gold pieces
 34356 | Elf:1    | Reached skill level 1 in Necromancy
 34471 | Elf:1    | Found Mevoeci's Jewellery Boutique.
 35462 | Elf:2    | Found a runed door.
 35492 | Elf:2    | Found a runed door.
 35688 | Elf:2    | Reached skill level 15 in Shields
 37352 | Elf:3    | Entered Level 3 of the Elven Halls
 37452 | Elf:3    | Reached skill level 15 in Armour
 37485 | Elf:3    | Noticed Blork the orc
 37495 | Elf:3    | Found a deep blue altar of Sif Muna.
 37498 | Elf:3    | Killed Blork the orc
 37714 | Elf:3    | Got a glittering pewter amulet
 38211 | Elf:3    | Identified the amulet of Dim Light {Gourm rPois rF+ Int+3 Dex+4} (You found it on level 3 of the Elven Halls)
 38428 | Elf:2    | Got an ancient lajatang {vamp}
 38930 | Elf:3    | Reached XP level 19. HP: 170/172 MP: 29/29
 39390 | Elf:3    | Identified the Collected Works on Sinister Secrets
 39403 | Elf:3    | Identified the Reference Book on Lethal Ignition (You found it on level 3 of the Elven Halls)
 39410 | Elf:3    | Learned a level 2 spell: Blink
 39469 | Elf:3    | Identified the Catalogue of Lethal Heat
 39955 | Snake:1  | Entered Level 1 of the Snake Pit
 41010 | Snake:1  | Found Baagut's Bounteous Boutique.
 41018 | Snake:1  | Bought a scroll of blinking for 90 gold pieces
 41132 | Snake:2  | Noticed Agnes
 41145 | Snake:2  | Killed Agnes
 41145 | Snake:2  | Reached skill level 1 in Translocations
 42436 | Snake:3  | Noticed Norris
 42477 | Snake:3  | Reached skill level 5 in Translocations
 42481 | Snake:3  | Killed Norris
 43116 | Snake:3  | Noticed Aizul
 43135 | Snake:3  | Killed Aizul
 43435 | Snake:3  | Reached skill level 5 in Spellcasting
 44492 | Snake:4  | Entered Level 4 of the Snake Pit
 44543 | Snake:4  | Got a heavily runed pewter ring
 44545 | Snake:4  | Identified the ring of the Prince of Darkness {Int+4 SInv} (You found it on level 4 of the Snake Pit)
 44603 | Snake:4  | Found Zicok's Assorted Antiques.
 45073 | Snake:4  | Reached XP level 20. HP: 180/180 MP: 30/30
 46043 | Snake:4  | Found Hagg's Food Shoppe.
 46204 | Snake:4  | Got a serpentine rune of Zot
 46643 | Swamp:1  | Entered Level 1 of the Swamp
 46693 | Swamp:1  | Got a polished chain mail
 46706 | Swamp:1  | Identified the cursed +0 chain mail of Awe {rC+} (You found it on level 1 of the Swamp)
 49643 | Swamp:3  | Learned a level 8 spell: Necromutation
 49851 | Swamp:4  | Entered Level 4 of the Swamp
 49868 | Swamp:4  | Noticed Jorgrun
 51831 | Swamp:4  | Reached skill level 1 in Maces & Flails
 51965 | Swamp:4  | Killed Jorgrun
 52028 | Swamp:4  | Reached skill level 5 in Maces & Flails
 52071 | Swamp:4  | Got a decaying rune of Zot
 52806 | Vaults:1 | Entered Level 1 of the Vaults
 52873 | Vaults:1 | Reached XP level 21. HP: 175/187 MP: 31/31
 52954 | Vaults:1 | Learned a level 2 spell: Swiftness
 52957 | Vaults:1 | Learned a level 2 spell: Passwall
 55569 | Vaults:2 | Found a staircase to the Crypt.
 55587 | Vaults:2 | Noticed Sojobo
 55600 | Vaults:2 | Killed Sojobo
 55893 | Vaults:2 | Reached skill level 10 in Spellcasting
 55904 | Vaults:2 | Learned a level 5 spell: Lee's Rapid Deconstruction
 56108 | Vaults:2 | Identified The Lost Compendium of the Archmage
 56168 | Vaults:2 | Noticed Asterion
 56187 | Vaults:2 | Killed Asterion
 56219 | Vaults:2 | Reached skill level 5 in Necromancy
 57497 | Vaults:3 | Reached XP level 22. HP: 194/194 MP: 35/35
 57552 | Vaults:3 | Reached skill level 1 in Charms
 58483 | Vaults:4 | Reached skill level 5 in Charms
 58526 | Vaults:4 | Paralysed by an ogre mage for 2 turns
 59549 | Vaults:5 | Entered Level 5 of the Vaults
 59716 | Depths:1 | Entered Level 1 of the Depths
 59726 | Depths:1 | Noticed Margery
 60032 | Depths:1 | Killed Margery
 60279 | Depths:1 | Reached XP level 23. HP: 120/201 MP: 36/36
 60305 | Depths:1 | Found a one-way gate leading to the halls of Pandemonium.
 60322 | Depths:1 | Found a magical portal.
 60331 | WizLab   | Entered The Hall of Zesk the Hellbinder
 60393 | WizLab   | Gained mutation: You expend magic power (3 MP) to strengthen your wands. [a cacodemon]
 60769 | WizLab   | Found a burning altar of Makhleb.
 60824 | WizLab   | Identified a +0 rod of shadows (13/13) (You found it in a wizard's laboratory)
 60847 | WizLab   | Identified the Handbook of the Entourage
 60853 | WizLab   | Identified Jilox's Almanac of Calling (You found it in a wizard's laboratory)
 63999 | Depths:2 | Found a radiant altar of Vehumet.
 64275 | Depths:3 | Found a one-way gate to the infinite horrors of the Abyss.
 64926 | Depths:3 | Paralysed by a giant eyeball for 4 turns
 65271 | Depths:3 | Reached XP level 24. HP: 165/218 MP: 30/36
 65879 | Depths:4 | Found an opulent altar of Gozag.
 65881 | Depths:4 | Found a sacrificial altar of Ru.
 65884 | Depths:4 | Found a shattered altar of Ashenzari.
 67239 | Depths:4 | Noticed a juggernaut
 67257 | Depths:4 | Killed a juggernaut
 67565 | Depths:5 | Entered Level 5 of the Depths
 67574 | Depths:5 | Reached skill level 15 in Dodging
 67689 | Depths:5 | Reached XP level 25. HP: 233/233 MP: 36/36
 68010 | Depths:5 | Found a gate to the Realm of Zot.
 68276 | Depths:5 | Found a gateway to a ziggurat.
 69913 | Vaults:5 | Noticed Mara
 69935 | Vaults:5 | Killed Mara
 69948 | Vaults:5 | Reached XP level 26. HP: 200/242 MP: 36/36
 70535 | Vaults:5 | Got a silver rune of Zot
 70888 | Vaults:5 | Learned a level 1 spell: Apportation
 71633 | Zot:1    | Entered Level 1 of the Realm of Zot
 72955 | Zot:2    | Got a jewelled war axe
 72956 | Zot:2    | Identified the +2 war axe of the Ship {freeze, *Contam rElec rPois Int+4} (You found it on level 2 of the Realm of Zot)
 73261 | Zot:3    | Noticed an orb of fire
 73274 | Zot:3    | Gained mutation: You are weak. (Str -2) [an orb of fire]
 73277 | Zot:3    | Killed an orb of fire
 73706 | Zot:3    | Reached XP level 27. HP: 245/248 MP: 36/36
 75039 | Zot:5    | Entered Level 5 of the Realm of Zot
 75704 | Slime:1  | Entered Level 1 of the Pits of Slime
 76062 | Slime:6  | Entered Level 6 of the Pits of Slime
 76149 | Slime:5  | Gained mutation: Your body sometimes deteriorates upon taking damage. [a shining eye]
 76319 | Slime:5  | Lost mutation: You expend magic power (3 MP) to strengthen your wands. [potion of cure mutation]
 76319 | Slime:5  | Lost mutation: You are weak. (Str -2) [potion of cure mutation]
 76319 | Slime:5  | Lost mutation: Your body sometimes deteriorates upon taking damage. [potion of cure mutation]
 76321 | Slime:6  | Noticed the Royal Jelly
 76329 | Slime:6  | Killed the Royal Jelly
 76708 | Slime:6  | Gained mutation: You expend magic power (3 MP) to strengthen your wands. [a shining eye]
 77061 | Slime:6  | Gained mutation: You are occasionally teleported next to monsters. [a shining eye]
 77116 | Slime:6  | Gained mutation: You are weak. (Str -2) [a shining eye]
 77119 | Slime:6  | Gained mutation: You are dopey. (Int -2) [a shining eye]
 77525 | Slime:6  | Got a flickering emerald amulet
 77539 | Slime:6  | Identified the amulet of Free Expression {Inacc rElec rPois rF+ Int-5} (You found it on level 6 of the Pits of Slime)
 77579 | Slime:6  | Got a fine turquoise ring
 77580 | Slime:6  | Identified the ring "Dudghy" {rPois MP+9 Dex+2 Stlth+} (You found it on level 6 of the Pits of Slime)
 77632 | Slime:6  | Got a slimy rune of Zot
 77703 | Lair:6   | Lost mutation: You are dopey. (Int -2) [potion of cure mutation]
 77703 | Lair:6   | Lost mutation: You are weak. (Str -2) [potion of cure mutation]
 77703 | Lair:6   | Lost mutation: You expend magic power (3 MP) to strengthen your wands. [potion of cure mutation]
 77703 | Lair:6   | Lost mutation: You are occasionally teleported next to monsters. [potion of cure mutation]
 78112 | Depths:3 | Voluntarily entered the Abyss.
 78479 | Abyss:1  | Gained mutation: Your spells are a little easier to cast, but a little less powerful. [a cacodemon]
 78590 | Abyss:1  | Paralysed by accursed screaming for 1 turns
 78898 | Abyss:1  | Reached skill level 27 in Axes
 78957 | Abyss:1  | Paralysed by accursed screaming for 2 turns
 79171 | Abyss:2  | Found a corrupted altar of Lugonu.
 79223 | Abyss:2  | Found a corrupted altar of Lugonu.
 79359 | Abyss:2  | Found a corrupted altar of Lugonu.
 79425 | Abyss:2  | Noticed an ancient lich
 79431 | Abyss:2  | Killed an ancient lich
 79828 | Abyss:2  | Found a corrupted altar of Lugonu.
 79859 | Abyss:2  | Found a corrupted altar of Lugonu.
 80211 | Abyss:5  | Entered Level 5 of the Abyss
 80211 | Abyss:5  | Found a corrupted altar of Lugonu.
 80374 | Abyss:5  | Paralysed by accursed screaming for 2 turns
 80383 | Depths:3 | Escaped the Abyss
 80772 | Depths:3 | Learned a level 8 spell: Borgnjor's Revivification
 80878 | Depths:3 | Voluntarily entered the Abyss.
 80880 | Abyss:1  | Found a corrupted altar of Lugonu.
 80889 | Abyss:1  | Reached skill level 1 in Evocations
 80930 | Depths:3 | Escaped the Abyss
 80932 | Depths:3 | Voluntarily entered the Abyss.
 80932 | Abyss:1  | Found a corrupted altar of Lugonu.
 81034 | Abyss:1  | Noticed an ancient lich
 81036 | Abyss:1  | Gained mutation: You are partially covered in molten scales (AC +1). [a neqoxec]
 81050 | Abyss:1  | Killed an ancient lich
 81050 | Abyss:1  | Reached skill level 5 in Evocations
 81065 | Abyss:1  | Reached skill level 1 in Transmutations
 81286 | Abyss:1  | Paralysed by accursed screaming for 1 turns
 81310 | Abyss:1  | Paralysed by accursed screaming for 1 turns
 81368 | Abyss:1  | Reached skill level 5 in Transmutations
 81839 | Abyss:5  | Entered Level 5 of the Abyss
 81839 | Abyss:5  | Found a corrupted altar of Lugonu.
 82023 | Abyss:5  | Found a corrupted altar of Lugonu.
 82106 | Abyss:5  | Reached skill level 10 in Transmutations
 82127 | Depths:3 | Escaped the Abyss
 82555 | Depths:3 | Voluntarily entered the Abyss.
 82587 | Abyss:1  | Found a corrupted altar of Lugonu.
 82630 | Abyss:1  | Found a corrupted altar of Lugonu.
 82697 | Abyss:1  | Paralysed by accursed screaming for 1 turns
 82720 | Abyss:1  | Found a corrupted altar of Lugonu.
 82894 | Abyss:1  | Gained mutation: Your spells are easier to cast, but less powerful. [a neqoxec]
 82926 | Abyss:1  | Found a corrupted altar of Lugonu.
 83055 | Abyss:1  | Gained mutation: You have large cloven feet. [potion of beneficial mutation]
 83079 | Abyss:1  | Paralysed by accursed screaming for 1 turns
 83456 | Abyss:5  | Entered Level 5 of the Abyss
 83458 | Abyss:5  | Got an abyssal rune of Zot
 83575 | Depths:3 | Escaped the Abyss
 83838 | Hell     | Entered the Vestibule of Hell
 83838 | Hell     | Noticed Geryon
 83840 | Hell     | Noticed Murray
 83868 | Depths:3 | Killed Murray
 84140 | Hell     | Killed Geryon
 84723 | Hell     | Found a gateway to the ashen valley of Gehenna.
 84832 | Hell     | Found a gateway to the decaying netherworld of Tartarus.
 84888 | Hell     | Found a gateway to the freezing wastes of Cocytus.
 84944 | Hell     | Found a gateway to the Iron City of Dis.
 85161 | Pan      | Entered Pandemonium
 85244 | Pan      | Gained mutation: Your spells are much easier to cast, but much less powerful. [a cacodemon]
 86317 | Pan      | Got a warped chain mail
 86318 | Pan      | Identified the +1 chain mail of Truth {Regen+} (You took it off an angel in Pandemonium)
 86703 | Pan      | Got a scorched emerald amulet
 86706 | Pan      | Identified the amulet "Wemoahar" {Gourm Int+3} (You took it off an angel in Pandemonium)
 86781 | Pan      | Found a glowing silver altar of Zin.
 87561 | Pan      | Got a sparkling granite ring
 87562 | Pan      | Identified the ring "Seulown" {rC+ AC+3} (You took it off an angel in Pandemonium)
 88457 | Pan      | Reached skill level 10 in Evocations
 89476 | Pan      | Noticed a seraph
 89496 | Pan      | Killed a seraph
 89654 | Pan      | Got an uncursed jewelled dire flail {freeze}
 89658 | Pan      | Found a glowing golden altar of the Shining One.
 89688 | Pan      | Got a demonic rune of Zot
 90016 | Pan      | Noticed Hemafeot the pandemonium lord
 90033 | Pan      | Killed Hemafeot the pandemonium lord
 90066 | Pan      | Gained mutation: Armour fits poorly on your strangely shaped body. [a cacodemon]
 90167 | Pan      | Gained mutation: You are dopey. (Int -2) [a cacodemon]
 90174 | Pan      | Gained mutation: You tend to lose your temper in combat. [a cacodemon]
 90522 | Pan      | Noticed Pehukail the pandemonium lord
 90534 | Pan      | Killed Pehukail the pandemonium lord
 90541 | Pan      | Reached skill level 10 in Maces & Flails
 90898 | Pan      | Noticed Tanasit the pandemonium lord
 90902 | Pan      | Cast into level 3 of the Abyss (Tanasit)
 90989 | Abyss:3  | Paralysed by accursed screaming for 1 turns
 91144 | Abyss:3  | Gained mutation: You are very dopey. (Int -4) [a neqoxec]
 91216 | Pan      | Escaped the Abyss
 91236 | Pan      | Killed Tanasit the pandemonium lord
 91446 | Pan      | Reached skill level 15 in Maces & Flails
 91461 | Pan      | Gained mutation: You are weak. (Str -2) [a neqoxec]
 91688 | Pan      | Gained mutation: Your body sometimes deteriorates upon taking damage. [a neqoxec]
 92221 | Pan      | Noticed Borien the pandemonium lord
 92235 | Pan      | Killed Borien the pandemonium lord
 92706 | Pan      | Noticed Mixzen the pandemonium lord
 92719 | Pan      | Killed Mixzen the pandemonium lord
 92809 | Pan      | Learned a level 3 spell: Vampiric Draining
 92860 | Pan      | Noticed Sachug the pandemonium lord
 92867 | Pan      | Gained mutation: You are frail (-10% HP). [a cacodemon]
 92879 | Pan      | Killed Sachug the pandemonium lord
 93198 | Pan      | Noticed Pebediep the pandemonium lord
 93198 | Pan      | Entered the realm of Gloorx Vloq.
 94279 | Pan      | Noticed Gloorx Vloq
 94288 | Pan      | Killed Gloorx Vloq
 94306 | Pan      | Got a dark rune of Zot
 94440 | Pan      | Noticed Zich the pandemonium lord
 94450 | Pan      | Killed Zich the pandemonium lord
 94517 | Pan      | Lost mutation: You are very dopey. (Int -4) [potion of cure mutation]
 94517 | Pan      | Lost mutation: Armour fits poorly on your strangely shaped body. [potion of cure mutation]
 94517 | Pan      | Lost mutation: Your body sometimes deteriorates upon taking damage. [potion of cure mutation]
 94517 | Pan      | Lost mutation: You are frail (-10% HP). [potion of cure mutation]
 94519 | Pan      | Gained mutation: You expend magic power (3 MP) to strengthen your wands. [a cacodemon]
 94770 | Pan      | Gained mutation: You are frail (-10% HP). [a cacodemon]
 95174 | Pan      | Reached skill level 15 in Evocations
 95574 | Pan      | Lost mutation: Your spells are much easier to cast, but much less powerful. [potion of cure mutation]
 95574 | Pan      | Lost mutation: You are weak. (Str -2) [potion of cure mutation]
 95574 | Pan      | Lost mutation: You are dopey. (Int -2) [potion of cure mutation]
 95574 | Pan      | Lost mutation: You expend magic power (3 MP) to strengthen your wands. [potion of cure mutation]
 95575 | Pan      | Lost mutation: You are frail (-10% HP). [potion of cure mutation]
 95575 | Pan      | Lost mutation: You tend to lose your temper in combat. [potion of cure mutation]
 95575 | Pan      | Lost mutation: You have large cloven feet. [potion of cure mutation]
 95575 | Pan      | Lost mutation: Your spells are easier to cast, but less powerful. [potion of cure mutation]
 95576 | Pan      | Lost mutation: Your spells are a little easier to cast, but a little less powerful. [potion of beneficial mutation]
 95644 | Pan      | Gained mutation: You are weak. (Str -2) [a cacodemon]
 95905 | Pan      | Gained mutation: Your magical capacity is low (-10% MP). [a neqoxec]
 95906 | Pan      | Gained mutation: Armour fits poorly on your strangely shaped body. [a neqoxec]
 96006 | Pan      | Gained mutation: You are dopey. (Int -2) [a neqoxec]
 96027 | Pan      | Noticed Olloc the pandemonium lord
 96578 | Pan      | Noticed Ysofib the pandemonium lord
 96599 | Pan      | Killed Ysofib the pandemonium lord
 96665 | Pan      | Found an exit through the horrors of the Abyss.
 97081 | Pan      | Noticed Mennas
 97118 | Pan      | Killed Mennas
 97123 | Pan      | Noticed Zadi the pandemonium lord
 97199 | Pan      | Killed Zadi the pandemonium lord
 97555 | Pan      | Entered the realm of Mnoleg.
 97575 | Pan      | Gained mutation: You are frail (-10% HP). [a shining eye]
 97583 | Pan      | Gained mutation: You have a pair of large horns on your head. [a cacodemon]
 97622 | Pan      | Gained mutation: Scrolls take you a little longer to read. [a cacodemon]
 97908 | Pan      | Learned a level 2 spell: Song of Slaying
 97981 | Pan      | Gained mutation: You are very frail (-20% HP). [a cacodemon]
 98001 | Pan      | Gained mutation: You tend to lose your temper in combat. [a cacodemon]
 98008 | Pan      | Gained mutation: You often lose your temper in combat. [a neqoxec]
 98024 | Pan      | Gained mutation: Your magical capacity is very low (-20% MP). [a neqoxec]
 98046 | Pan      | Lost mutation: Your magical capacity is very low (-20% MP). [potion of cure mutation]
 98046 | Pan      | Lost mutation: Scrolls take you a little longer to read. [potion of cure mutation]
 98046 | Pan      | Lost mutation: You are weak. (Str -2) [potion of cure mutation]
 98046 | Pan      | Lost mutation: You often lose your temper in combat. [potion of cure mutation]
 98069 | Pan      | Noticed Mnoleg
 98097 | Pan      | Killed Mnoleg
 98097 | Pan      | Gained mutation: You expend magic power (3 MP) to strengthen your wands. [a cacodemon]
 98253 | Pan      | Got a glowing rune of Zot
 98277 | Pan      | Gained mutation: You are occasionally teleported next to monsters. [a shining eye]
 98306 | Pan      | Entered the realm of Lom Lobon.
 98361 | Pan      | Lost intelligence.
 98705 | Pan      | Lost mutation: You expend magic power (3 MP) to strengthen your wands. [potion of cure mutation]
 98705 | Pan      | Lost mutation: You are occasionally teleported next to monsters. [potion of cure mutation]
 98705 | Pan      | Lost mutation: You have a pair of large horns on your head. [potion of cure mutation]
 98705 | Pan      | Lost mutation: You tend to lose your temper in combat. [potion of cure mutation]
 98711 | Pan      | Lost mutation: Armour fits poorly on your strangely shaped body. [potion of cure mutation]
 98711 | Pan      | Lost mutation: You are very frail (-20% HP). [potion of cure mutation]
 98711 | Pan      | Lost mutation: You are dopey. (Int -2) [potion of cure mutation]
 98711 | Pan      | Lost mutation: Your magical capacity is low (-10% MP). [potion of cure mutation]
 98764 | Pan      | Noticed Lom Lobon
 98807 | Pan      | Killed Lom Lobon
 99072 | Pan      | Got a magical rune of Zot
 99166 | Pan      | Found an exit through the horrors of the Abyss.
 99227 | Pan      | Entered the realm of Cerebov.
 99227 | Pan      | Noticed Cerebov
 99255 | Pan      | Killed Cerebov
 99294 | Pan      | Got a fiery rune of Zot
 99656 | Pan      | Identified the Guide on Congealing Aid
 99664 | Pan      | Got a fine iron ring
 99665 | Pan      | Identified the ring "Izxophor" {Fire rElec Int+4 Stlth+} (You found it in Pandemonium)
 99963 | Pan      | Gained mutation: Your natural rate of healing is unusually fast. [potion of beneficial mutation]
 99965 | Pan      | Got an ichor-stained morningstar
 99966 | Pan      | Identified the +4 morningstar "Hydraslayer" {drain, rF+} (You found it in Pandemonium)
100106 | Pan      | Found an exit through the horrors of the Abyss.
100183 | Depths:3 | Escaped Pandemonium
100479 | Crypt:1  | Entered Level 1 of the Crypt
102632 | Coc:1    | Entered Level 1 of Cocytus
104182 | Coc:6    | Reached skill level 27 in Invocations
104377 | Coc:7    | Entered Level 7 of Cocytus
105015 | Coc:7    | Gained mutation: You are dopey. (Int -2) [mutagenic glow]
105713 | Coc:7    | Noticed Antaeus
105733 | Coc:7    | Killed Antaeus
106154 | Coc:7    | Got an icy rune of Zot
106398 | Dis:1    | Entered Level 1 of the Iron City of Dis
106559 | Dis:1    | Reached skill level 27 in Fighting
107318 | Zig:1    | Entered Level 1 of a ziggurat
107359 | Zig:2    | Entered Level 2 of a ziggurat
107402 | Zig:3    | Entered Level 3 of a ziggurat
107472 | Zig:3    | Got a smoking mace
107475 | Zig:3    | Identified the +4 mace of Exquisite Death {crush, +Blink} (You found it on level 3 of a ziggurat)
107481 | Zig:4    | Entered Level 4 of a ziggurat
107567 | Zig:5    | Entered Level 5 of a ziggurat
107574 | Zig:5    | Noticed an orb of fire
107580 | Zig:5    | Gained mutation: Your magical capacity is low (-10% MP). [an orb of fire]
107602 | Zig:5    | Killed an orb of fire
107764 | Zig:5    | Identified the Grimoire of Earth (You found it on level 5 of a ziggurat)
107771 | Zig:6    | Entered Level 6 of a ziggurat
107811 | Zig:7    | Entered Level 7 of a ziggurat
107815 | Zig:7    | Noticed Wegofyf the pandemonium lord
107822 | Zig:7    | Killed Wegofyf the pandemonium lord
108004 | Zig:8    | Entered Level 8 of a ziggurat
108057 | Zig:8    | Identified the Handbook of the Damaging Snowflakes
108060 | Zig:8    | Identified Tissar's Volume of Creative Lightness
108067 | Zig:8    | Got a scintillating jade ring
108068 | Zig:8    | Identified the ring "Irizoon" {rElec rF+ rN+ Dex+4 Stlth+} (You found it on level 8 of a ziggurat)
108082 | Zig:9    | Entered Level 9 of a ziggurat
108101 | Zig:9    | Noticed an ancient lich
108104 | Zig:9    | Paralysed by an ancient lich for 2 turns
108113 | Zig:9    | Killed an ancient lich
108234 | Zig:9    | Got a twitching platinum ring
108235 | Zig:9    | Identified the ring "Olirol" {SustAt rC+ Str+4} (You acquired it on level 9 of a ziggurat)
108252 | Zig:10   | Entered Level 10 of a ziggurat
108257 | Zig:10   | Noticed Ifeliax the pandemonium lord
108270 | Zig:10   | Noticed Wacsag the pandemonium lord
108273 | Zig:10   | Killed Wacsag the pandemonium lord
108277 | Zig:10   | Killed Ifeliax the pandemonium lord
108453 | Zig:10   | Got a slimy bone ring
108454 | Zig:10   | Identified the ring of Ylap {rPois rC+} (You found it on level 10 of a ziggurat)
108459 | Zig:11   | Entered Level 11 of a ziggurat
108699 | Zig:11   | Lost mutation: You are partially covered in molten scales (AC +1). [potion of cure mutation]
108699 | Zig:11   | Lost mutation: You are frail (-10% HP). [potion of cure mutation]
108699 | Zig:11   | Lost mutation: Your magical capacity is low (-10% MP). [potion of cure mutation]
108699 | Zig:11   | Lost mutation: You are dopey. (Int -2) [potion of cure mutation]
108699 | Zig:11   | Lost mutation: Your natural rate of healing is unusually fast. [potion of cure mutation]
108750 | Zig:12   | Entered Level 12 of a ziggurat
109020 | Zig:13   | Entered Level 13 of a ziggurat
109027 | Zig:13   | Noticed a juggernaut
109030 | Zig:13   | Noticed a juggernaut
109030 | Zig:13   | Noticed a juggernaut
109041 | Zig:13   | Killed a juggernaut
109042 | Zig:13   | Killed a juggernaut
109042 | Zig:13   | Killed a juggernaut
109047 | Zig:13   | Reached skill level 27 in Armour
109196 | Zig:13   | Identified the Collected Works on Black Rituals
109199 | Zig:13   | Identified the Collected Works on Aerial Hexes
109214 | Zig:14   | Entered Level 14 of a ziggurat
109225 | Zig:14   | Noticed a greater mummy
109228 | Zig:14   | Killed a greater mummy
109230 | Zig:14   | Noticed a greater mummy
109238 | Zig:14   | Killed a greater mummy
109584 | Zig:15   | Entered Level 15 of a ziggurat
109594 | Zig:15   | Noticed Ofotz the pandemonium lord
109595 | Zig:15   | Noticed Mucave the pandemonium lord
109596 | Zig:15   | Noticed Falautica the pandemonium lord
109601 | Zig:15   | Killed Mucave the pandemonium lord
109615 | Zig:15   | Killed Falautica the pandemonium lord
109655 | Zig:15   | Killed Ofotz the pandemonium lord
109655 | Zig:15   | Reached skill level 27 in Shields
109910 | Zig:15   | Got a transparent platinum ring
109911 | Zig:15   | Identified the ring of Plog {rC++ Str+5 Int+4 SInv} (You acquired it on level 15 of a ziggurat)
109921 | Zig:15   | Got a shimmering jade ring
109922 | Zig:15   | Identified the ring of Filofeech {+Fly rPois Int+3 Stlth-} (You found it on level 15 of a ziggurat)
109927 | Zig:15   | Got a clouded platinum ring
109928 | Zig:15   | Identified the ring of the Moon {rPois Str+2 Slay+3} (You found it on level 15 of a ziggurat)
109936 | Zig:16   | Entered Level 16 of a ziggurat
109950 | Zig:16   | Noticed an ancient lich
109951 | Zig:16   | Noticed an ancient lich
109951 | Zig:16   | Noticed an ancient lich
109954 | Zig:16   | Killed an ancient lich
109954 | Zig:16   | Killed an ancient lich
109955 | Zig:16   | Killed an ancient lich
110125 | Zig:16   | Identified the Almanac of Unholy Poisoning
110147 | Zig:17   | Entered Level 17 of a ziggurat
110297 | Zig:17   | Got a crude war axe
110298 | Zig:17   | Identified the cursed +0 war axe of Ciqu {venom, *Contam +Rage rN+++ MR-} (You found it on level 17 of a ziggurat)
110333 | Zig:18   | Entered Level 18 of a ziggurat
110574 | Zig:19   | Entered Level 19 of a ziggurat
110663 | Zig:19   | Identified the Grimoire of Poisonous Ice
110666 | Zig:19   | Identified Estror's Tome of the Mountains and the Entourage
110671 | Zig:19   | Identified Sif Muna's Almanac of Combat Magic
110689 | Zig:20   | Entered Level 20 of a ziggurat
110787 | Zig:20   | Got a vibrating iron ring
110788 | Zig:20   | Identified the ring "Naepnuiq" {+Blink rPois} (You found it on level 20 of a ziggurat)
110793 | Zig:20   | Got a wavering ivory ring
110794 | Zig:20   | Identified the ring "Nearito" {Str+4 Int-5 Dex-2 Slay+2 SInv} (You found it on level 20 of a ziggurat)
110797 | Zig:20   | Got a transparent lead amulet
110798 | Zig:20   | Identified the amulet of Sin {+Rage Dex+3} (You found it on level 20 of a ziggurat)
110801 | Zig:20   | Got a faintly glowing silver ring
110802 | Zig:20   | Identified the ring of Plog {Int+3 Stlth-} (You found it on level 20 of a ziggurat)
110805 | Zig:20   | Got a slimy copper ring
110806 | Zig:20   | Identified the ring "Ceplosh" {*Drain rC++ EV+4 Str+3 Slay+3} (You found it on level 20 of a ziggurat)
110811 | Zig:20   | Gained mutation: You evolve. [potion of beneficial mutation]
110814 | Zig:21   | Entered Level 21 of a ziggurat
110989 | Zig:21   | Identified The Intricacies of Secret Knowledge (You found it on level 21 of a ziggurat)
111003 | Zig:21   | Got a translucent tin ring
111004 | Zig:21   | Identified the ring "Guxtic" {Ice Int+5 Dex+6} (You found it on level 21 of a ziggurat)
111026 | Zig:22   | Entered Level 22 of a ziggurat
111044 | Zig:22   | Reached skill level 27 in Dodging
111044 | Zig:22   | Reached skill level 10 in Necromancy
111187 | Zig:22   | Gained mutation: Your flesh is cold resistant. [potion of beneficial mutation]
111190 | Zig:22   | Got a serpentine amber ring
111191 | Zig:22   | Identified the cursed ring "Pyfir" {rPois EV-2 Str+6 Int+2} (You found it on level 22 of a ziggurat)
111195 | Zig:22   | Got a ring of the Octopus King
111197 | Zig:22   | Identified a ring of the Octopus King {rF+ AC+1 EV+1 Str+1 Int+1 Dex+1} (You found it on level 22 of a ziggurat)
111214 | Zig:23   | Entered Level 23 of a ziggurat
111236 | Zig:23   | Reached skill level 10 in Translocations
111631 | Zig:23   | Identified Nuguth's Volume of Flamy Summoning
111661 | Zig:24   | Entered Level 24 of a ziggurat
111663 | Zig:24   | Gained mutation: Your muscles are strong. (Str +2) [evolution]
112134 | Zig:24   | Got a smoking hat
112135 | Zig:24   | Identified the +0 hat of the Stag {rElec rPois} (You acquired it on level 24 of a ziggurat)
112169 | Zig:25   | Entered Level 25 of a ziggurat
112193 | Zig:25   | Reached skill level 15 in Translocations
112314 | Zig:25   | Gained mutation: You are robust (+10% HP). [potion of beneficial mutation]
112368 | Zig:25   | Got a clouded bronze amulet
112369 | Zig:25   | Identified the amulet of the Mantidfly {Harm *Drain rPois Slay+2} (You found it on level 25 of a ziggurat)
112387 | Zig:26   | Entered Level 26 of a ziggurat
112689 | Zig:26   | Gained mutation: You are partially covered in slimy green scales (AC +2). [potion of beneficial mutation]
112714 | Zig:27   | Entered Level 27 of a ziggurat
112847 | Zig:27   | Gained mutation: You are resistant to hostile enchantments. [potion of beneficial mutation]
112895 | Zig:1    | Entered Level 1 of a ziggurat
112915 | Zig:2    | Entered Level 2 of a ziggurat
112945 | Zig:3    | Entered Level 3 of a ziggurat
113011 | Zig:4    | Entered Level 4 of a ziggurat
113189 | Zig:5    | Entered Level 5 of a ziggurat
113361 | Zig:6    | Entered Level 6 of a ziggurat
113472 | Zig:7    | Entered Level 7 of a ziggurat
113634 | Zig:7    | Lost mutation: Your flesh is cold resistant. [evolution]
113676 | Zig:8    | Entered Level 8 of a ziggurat
113731 | Zig:8    | Got a faintly glowing battleaxe
113736 | Zig:9    | Entered Level 9 of a ziggurat
113807 | Zig:9    | Got a pitted chain mail
113808 | Zig:9    | Identified the +7 chain mail of Oxteyroe {Int+3} (You found it on level 9 of a ziggurat)
113819 | Zig:10   | Entered Level 10 of a ziggurat
113891 | Zig:10   | Got a shimmering iron amulet
113892 | Zig:10   | Identified the amulet of Xom's Absentmindedness {Dismiss rF- rC+ Dex+6} (You found it on level 10 of a ziggurat)
113906 | Zig:11   | Entered Level 11 of a ziggurat
113916 | Zig:11   | Noticed Jathrosh the pandemonium lord
113927 | Zig:11   | Killed Jathrosh the pandemonium lord
114165 | Zig:12   | Entered Level 12 of a ziggurat
114341 | Zig:12   | Got a fine hat
114342 | Zig:12   | Identified the +1 hat "Jydonen" {-Cast MP+9 Str+6 Dex+2} (You found it on level 12 of a ziggurat)
114348 | Zig:12   | Got a bronze crystal plate armour
114349 | Zig:12   | Identified the cursed +0 crystal plate armour of Disguise {rF+} (You found it on level 12 of a ziggurat)
114379 | Zig:13   | Entered Level 13 of a ziggurat
114794 | Zig:14   | Entered Level 14 of a ziggurat
114953 | Zig:14   | Gained mutation: Your spells are a little harder to cast, but a little more powerful. [potion of beneficial mutation]
114962 | Zig:15   | Entered Level 15 of a ziggurat
115134 | Zig:15   | Got an iridescent broad axe
115135 | Zig:15   | Identified the +9 broad axe "Ajusid" {venom, rF+ rC+ MR+} (You found it on level 15 of a ziggurat)
115143 | Zig:16   | Entered Level 16 of a ziggurat
115438 | Zig:17   | Entered Level 17 of a ziggurat
115445 | Zig:17   | Noticed Lason the pandemonium lord
115446 | Zig:17   | Killed Lason the pandemonium lord
115760 | Zig:17   | Got a faintly glowing steel ring
115869 | Zig:17   | Identified the ring "Xeduw" {*Confuse +Inv rC+ MR+ SInv} (You found it on level 17 of a ziggurat)
115885 | Zig:18   | Entered Level 18 of a ziggurat
116339 | Zig:19   | Entered Level 19 of a ziggurat
116346 | Zig:19   | Noticed Uvvadix the pandemonium lord
116346 | Zig:19   | Noticed Dakiryt the pandemonium lord
116346 | Zig:19   | Noticed Teaced the pandemonium lord
116346 | Zig:19   | Noticed Rogunkie the pandemonium lord
116346 | Zig:19   | Noticed Cougot the pandemonium lord
116346 | Zig:19   | Noticed Ocsi the pandemonium lord
116346 | Zig:19   | Noticed Xiedig the pandemonium lord
116346 | Zig:19   | Noticed Rerph the pandemonium lord
116346 | Zig:19   | Noticed Uthreg Xeaso the pandemonium lord
116346 | Zig:19   | Noticed Aniczejet the pandemonium lord
116346 | Zig:19   | Noticed Yfiach the pandemonium lord
116346 | Zig:19   | Noticed Ciluan the pandemonium lord
116346 | Zig:19   | Noticed Nil Usem the pandemonium lord
116347 | Zig:19   | Noticed Wuuwkotu the pandemonium lord
116348 | Zig:19   | Killed Ciluan the pandemonium lord
116348 | Zig:19   | Killed Ocsi the pandemonium lord
116349 | Zig:19   | Noticed Tin Wum the pandemonium lord
116349 | Zig:19   | Killed Yfiach the pandemonium lord
116349 | Zig:19   | Killed Cougot the pandemonium lord
116349 | Zig:19   | Killed Teaced the pandemonium lord
116349 | Zig:19   | Killed Dakiryt the pandemonium lord
116349 | Zig:19   | Killed Rogunkie the pandemonium lord
116350 | Zig:19   | Noticed Lusuth the pandemonium lord
116350 | Zig:19   | Killed Aniczejet the pandemonium lord
116350 | Zig:19   | Killed Xiedig the pandemonium lord
116350 | Zig:19   | Killed Uthreg Xeaso the pandemonium lord
116350 | Zig:19   | Killed Wuuwkotu the pandemonium lord
116351 | Zig:19   | Killed Nil Usem the pandemonium lord
116351 | Zig:19   | Killed Tin Wum the pandemonium lord
116351 | Zig:19   | Killed Rerph the pandemonium lord
116351 | Zig:19   | Killed Lusuth the pandemonium lord
116369 | Zig:19   | Killed Uvvadix the pandemonium lord
116369 | Zig:19   | Reached skill level 27 in Translocations
119482 | Dis:5    | Gained mutation: Your muscles are very strong. (Str +4) [evolution]
119563 | Dis:5    | Reached skill level 15 in Spellcasting
119859 | Dis:5    | Gained mutation: You rapidly evolve. [mutagenic glow]
119920 | Dis:6    | Gained mutation: You are dopey. (Int -2) [mutagenic glow]
120090 | Dis:7    | Entered Level 7 of the Iron City of Dis
120290 | Dis:7    | Noticed Dadi's ghost (legendary GrFi)
120323 | Dis:7    | Killed Dadi's ghost
121096 | Dis:7    | Reached skill level 15 in Necromancy
122418 | Dis:7    | Noticed Dispater
122431 | Dis:7    | Lost mutation: You are dopey. (Int -2) [evolution]
122432 | Dis:7    | Killed Dispater
122490 | Dis:7    | Got an iron rune of Zot
122915 | Geh:1    | Entered Level 1 of Gehenna
123620 | Geh:1    | Gained mutation: You expend magic power (3 MP) to strengthen your wands. [mutagenic glow]
123654 | Geh:1    | Lost mutation: Your spells are a little harder to cast, but a little more powerful. [mutagenic glow]
125188 | Geh:7    | Entered Level 7 of Gehenna
125281 | Geh:7    | Noticed the Serpent of Hell
125297 | Geh:7    | Killed the Serpent of Hell
125765 | Geh:7    | Noticed Burgietje's ghost (legendary MiFi)
125840 | Geh:7    | Killed Burgietje's ghost
126348 | Geh:7    | Got a transparent lapis lazuli ring
126349 | Geh:7    | Identified the ring "Amos" {MR+ Str+4} (You found it on level 7 of Gehenna)
126774 | Geh:7    | Noticed Asmodeus
126786 | Geh:7    | Killed Asmodeus
126807 | Geh:7    | Got an obsidian rune of Zot
128076 | Crypt:3  | Entered Level 3 of the Crypt
128596 | Crypt:3  | Noticed an ancient lich
128603 | Crypt:3  | Killed an ancient lich
128704 | Crypt:3  | Found an ancient bone altar of Kikubaaqudgha.
128922 | Crypt:3  | Found a staircase to the Tomb.
129235 | Tomb:1   | Entered Level 1 of the Tomb of the Ancients
129674 | Tomb:1   | Noticed a greater mummy
129684 | Tomb:1   | Killed a greater mummy
130766 | Tomb:2   | Noticed a greater mummy
130767 | Tomb:2   | Noticed an ancient lich
130768 | Tomb:2   | Noticed a greater mummy
130768 | Tomb:2   | Noticed a greater mummy
131099 | Tomb:2   | Killed a greater mummy
131103 | Tomb:2   | Killed an ancient lich
131106 | Tomb:2   | Killed a greater mummy
131118 | Tomb:1   | Killed a greater mummy
131938 | Tomb:1   | Noticed a greater mummy
131939 | Tomb:1   | Noticed a greater mummy
131947 | Tomb:2   | Killed a greater mummy
131977 | Tomb:1   | Noticed a greater mummy
131977 | Tomb:1   | Killed a greater mummy
132189 | Tomb:1   | Killed a greater mummy
132205 | Tomb:1   | Noticed a greater mummy
132217 | Tomb:1   | Killed a greater mummy
132247 | Tomb:1   | Lost mutation: Your muscles are very strong. (Str +4) [evolution]
132297 | Tomb:1   | Noticed a greater mummy
132303 | Tomb:1   | Noticed a greater mummy
132304 | Tomb:1   | Killed a greater mummy
132317 | Tomb:1   | Noticed a greater mummy
132319 | Tomb:1   | Killed a greater mummy
132321 | Tomb:1   | Noticed a greater mummy
132322 | Tomb:1   | Killed a greater mummy
132324 | Tomb:1   | Killed a greater mummy
132562 | Tomb:1   | Noticed a greater mummy
132575 | Tomb:1   | Killed a greater mummy
132576 | Tomb:1   | Noticed a greater mummy
132590 | Tomb:1   | Killed a greater mummy
132650 | Tomb:1   | Noticed a greater mummy
132659 | Tomb:1   | Killed a greater mummy
132738 | Tomb:1   | Noticed a greater mummy
132739 | Tomb:1   | Noticed a greater mummy
132745 | Tomb:1   | Killed a greater mummy
132756 | Tomb:1   | Killed a greater mummy
132788 | Tomb:1   | Noticed a greater mummy
132797 | Tomb:1   | Killed a greater mummy
133224 | Tomb:1   | Noticed a greater mummy
133239 | Tomb:1   | Killed a greater mummy
133788 | Tomb:3   | Entered Level 3 of the Tomb of the Ancients
134097 | Tomb:2   | Paralysed by the power of Zot for 5 turns
134527 | Tomb:3   | Noticed a greater mummy
134629 | Tomb:3   | Noticed a greater mummy
134630 | Tomb:3   | Noticed a greater mummy
134632 | Tomb:3   | Noticed a greater mummy
134633 | Tomb:3   | Noticed a greater mummy
134850 | Tomb:3   | Killed a greater mummy
134850 | Tomb:3   | Killed a greater mummy
134850 | Tomb:3   | Killed a greater mummy
134850 | Tomb:3   | Killed a greater mummy
134850 | Tomb:3   | Killed a greater mummy
135237 | Tomb:3   | Noticed a greater mummy
135237 | Tomb:3   | Noticed a greater mummy
135246 | Tomb:3   | Noticed a greater mummy
135256 | Tomb:3   | Killed a greater mummy
135258 | Tomb:3   | Noticed a greater mummy
135267 | Tomb:2   | Killed a greater mummy
135515 | Tomb:2   | Killed a greater mummy
135554 | Tomb:2   | Killed a greater mummy
136078 | Tomb:3   | Got a golden rune of Zot
136352 | Tomb:3   | Got a coiled ivory ring
136353 | Tomb:3   | Identified the ring "Vomefri" {*Drain rN+ Int+4 Slay+2 Stlth-} (You found it on level 3 of the Tomb of the Ancients)
137174 | Tar:1    | Entered Level 1 of Tartarus
137467 | Zig:1    | Entered Level 1 of a ziggurat
137483 | Zig:2    | Entered Level 2 of a ziggurat
137739 | Zig:3    | Entered Level 3 of a ziggurat
137766 | Zig:4    | Entered Level 4 of a ziggurat
137805 | Zig:4    | Got a warped tin ring
137806 | Zig:4    | Identified the ring "Yffiy" {rElec rF+ Int+4} (You found it on level 4 of a ziggurat)
137808 | Zig:4    | Gained mutation: You possess an exceptional clarity of mind. [evolution]
137867 | Zig:5    | Entered Level 5 of a ziggurat
137907 | Zig:5    | Got a smelly plate armour
137908 | Zig:5    | Identified the +5 plate armour "Ykuynk" {rN+} (You found it on level 5 of a ziggurat)
137930 | Zig:5    | Got a faintly humming chain mail
137931 | Zig:5    | Identified the +1 chain mail "Arhoosu" {-Cast rF+ Int+2} (You found it on level 5 of a ziggurat)
137944 | Zig:6    | Entered Level 6 of a ziggurat
138024 | Zig:6    | Got a coiled amber ring
138028 | Zig:6    | Identified the ring of the Equinox {+Blink rElec rF+ Str-4 Int-4} (You found it on level 6 of a ziggurat)
138044 | Zig:7    | Entered Level 7 of a ziggurat
138092 | Zig:8    | Entered Level 8 of a ziggurat
138098 | Zig:8    | Noticed a juggernaut
138117 | Zig:8    | Killed a juggernaut
138268 | Zig:9    | Entered Level 9 of a ziggurat
138331 | Zig:10   | Entered Level 10 of a ziggurat
138336 | Zig:10   | Noticed a greater mummy
138337 | Zig:10   | Noticed a greater mummy
138337 | Zig:10   | Noticed a greater mummy
138337 | Zig:10   | Noticed a greater mummy
138337 | Zig:10   | Noticed a greater mummy
138339 | Zig:10   | Killed a greater mummy
138339 | Zig:10   | Killed a greater mummy
138339 | Zig:10   | Killed a greater mummy
138339 | Zig:10   | Killed a greater mummy
138346 | Zig:10   | Killed a greater mummy
138688 | Zig:10   | Got a translucent shield
138689 | Zig:10   | Identified the +2 shield of Divine Intervention {Str+3} (You found it on level 10 of a ziggurat)
138696 | Zig:11   | Entered Level 11 of a ziggurat
138702 | Zig:11   | Noticed a greater mummy
138704 | Zig:11   | Killed a greater mummy
139245 | Zig:12   | Entered Level 12 of a ziggurat
139251 | Zig:12   | Noticed Amulih the pandemonium lord
139252 | Zig:12   | Killed Amulih the pandemonium lord
139448 | Zig:12   | Gained mutation: You are partially covered in yellow scales (AC +2). [potion of beneficial mutation]
139454 | Zig:13   | Entered Level 13 of a ziggurat
139540 | Zig:13   | Got a distressingly furry shield
139541 | Zig:13   | Identified the +2 shield of Watchfulness {rCorr SInv} (You acquired it on level 13 of a ziggurat)
139547 | Zig:14   | Entered Level 14 of a ziggurat
139644 | Zig:14   | Got a crude granite ring
139645 | Zig:14   | Identified the ring "Umuhuyco" {rN+ EV+4 Str-3 Dex+4} (You found it on level 14 of a ziggurat)
139662 | Zig:15   | Entered Level 15 of a ziggurat
139677 | Zig:15   | Noticed an ancient lich
139688 | Zig:15   | Killed an ancient lich
139731 | Zig:15   | Got a faintly humming plate armour
139732 | Zig:15   | Identified the +5 plate armour of Hopscotch {+Inv MR+ Int-2} (You found it on level 15 of a ziggurat)
139753 | Zig:15   | Got an ancient ruby amulet
139755 | Zig:15   | Got a twitching golden ring
139756 | Zig:15   | Identified the amulet "Tezewnih" {Dismiss *Drain rPois rF+ Str+7} (You found it on level 15 of a ziggurat)
139757 | Zig:15   | Identified the ring of Lugonu's Reproof {AC+2 SInv} (You found it on level 15 of a ziggurat)
139775 | Zig:16   | Entered Level 16 of a ziggurat
139906 | Zig:16   | Got a warped copper ring
139907 | Zig:16   | Identified the ring of Urumnesh {Fire MP-9 Str+2 Int+7 Dex+4} (You found it on level 16 of a ziggurat)
139942 | Zig:17   | Entered Level 17 of a ziggurat
140067 | Zig:17   | Got a smoking diamond amulet
140068 | Zig:17   | Identified the amulet "Sosun" {Gourm rF+} (You found it on level 17 of a ziggurat)
140194 | Zig:18   | Entered Level 18 of a ziggurat
140205 | Zig:18   | Noticed Meruc the pandemonium lord
140206 | Zig:18   | Noticed Biha the pandemonium lord
140206 | Zig:18   | Noticed Vuhajus the pandemonium lord
140206 | Zig:18   | Noticed Adyon the pandemonium lord
140206 | Zig:18   | Noticed Zytobag the pandemonium lord
140206 | Zig:18   | Noticed Xiamull the pandemonium lord
140207 | Zig:18   | Noticed Dyboxzast the pandemonium lord
140208 | Zig:18   | Killed Vuhajus the pandemonium lord
140209 | Zig:18   | Noticed Utoanwee the pandemonium lord
140209 | Zig:18   | Killed Zytobag the pandemonium lord
140209 | Zig:18   | Killed Adyon the pandemonium lord
140209 | Zig:18   | Killed Xiamull the pandemonium lord
140210 | Zig:18   | Killed Utoanwee the pandemonium lord
140210 | Zig:18   | Killed Dyboxzast the pandemonium lord
140217 | Zig:18   | Killed Meruc the pandemonium lord
140218 | Zig:18   | Noticed Gifymn the pandemonium lord
140236 | Zig:18   | Killed Biha the pandemonium lord
140248 | Zig:18   | Killed Gifymn the pandemonium lord
140336 | Zig:19   | Entered Level 19 of a ziggurat
140345 | Zig:19   | Noticed Tehyadiy the pandemonium lord
140346 | Zig:19   | Noticed Gex Feamm the pandemonium lord
140346 | Zig:19   | Noticed Mixoss the pandemonium lord
140346 | Zig:19   | Noticed Yxtiuc the pandemonium lord
140346 | Zig:19   | Noticed Ystoemi the pandemonium lord
140346 | Zig:19   | Noticed Cauku the pandemonium lord
140346 | Zig:19   | Noticed Ywno the pandemonium lord
140347 | Zig:19   | Noticed Qulifela the pandemonium lord
140347 | Zig:19   | Killed Ywno the pandemonium lord
140348 | Zig:19   | Noticed Faofyraz the pandemonium lord
140348 | Zig:19   | Noticed Copn the pandemonium lord
140349 | Zig:19   | Killed Gex Feamm the pandemonium lord
140349 | Zig:19   | Killed Qulifela the pandemonium lord
140349 | Zig:19   | Killed Faofyraz the pandemonium lord
140349 | Zig:19   | Killed Copn the pandemonium lord
140349 | Zig:19   | Killed Mixoss the pandemonium lord
140351 | Zig:19   | Killed Ystoemi the pandemonium lord
140365 | Zig:19   | Killed Yxtiuc the pandemonium lord
140383 | Zig:19   | Killed Tehyadiy the pandemonium lord
140388 | Zig:19   | Killed Cauku the pandemonium lord
140517 | Zig:19   | Got a translucent bronze ring
140518 | Zig:19   | Identified the ring "Arralotyadgh" {Fire rN+++ MP+9 Int+4 Stlth-} (You found it on level 19 of a ziggurat)
140527 | Zig:20   | Entered Level 20 of a ziggurat
140537 | Zig:20   | Noticed an ancient lich
140537 | Zig:20   | Noticed an ancient lich
140537 | Zig:20   | Noticed an ancient lich
140538 | Zig:20   | Noticed an ancient lich
140539 | Zig:20   | Killed an ancient lich
140540 | Zig:20   | Killed an ancient lich
140540 | Zig:20   | Killed an ancient lich
140542 | Zig:20   | Killed an ancient lich
140542 | Zig:20   | Reached skill level 27 in Necromancy
140587 | Zig:20   | Got a fine plate armour
140588 | Zig:20   | Identified the cursed +1 plate armour "Quzxumuch" {rElec} (You found it on level 20 of a ziggurat)
142178 | Tar:7    | Entered Level 7 of Tartarus
142332 | Tar:7    | Noticed an ancient lich
142365 | Tar:7    | Killed an ancient lich
142489 | Tar:7    | Lost mutation: You expend magic power (3 MP) to strengthen your wands. [evolution]
142521 | Tar:7    | Noticed an ancient lich
142555 | Tar:7    | Killed an ancient lich
143007 | Tar:7    | Noticed Ereshkigal
143021 | Tar:7    | Killed Ereshkigal
143544 | Tar:7    | Got a bone rune of Zot
144095 | Zot:5    | Noticed an ancient lich
144103 | Zot:5    | Noticed an ancient lich
144107 | Zot:5    | Killed an ancient lich
144117 | Zot:5    | Killed an ancient lich
144161 | Zot:5    | Noticed an ancient lich
144171 | Zot:5    | Killed an ancient lich
144209 | Zot:5    | Noticed an orb of fire
144213 | Zot:5    | Noticed an orb of fire
144219 | Zot:5    | Killed an orb of fire
144230 | Zot:5    | Killed an orb of fire
144246 | Zot:5    | Noticed an ancient lich
144259 | Zot:5    | Killed an ancient lich
144330 | Zot:5    | Noticed an orb of fire
144350 | Zot:5    | Noticed an orb of fire
144356 | Zot:5    | Killed an orb of fire
144386 | Zot:5    | Noticed an orb of fire
144402 | Zot:5    | Killed an orb of fire
144402 | Zot:5    | Reached skill level 27 in Evocations
144433 | Zot:5    | Gained mutation: Your muscles are very strong. (Str +4) [evolution]
144591 | Zot:5    | Noticed an orb of fire
144612 | Zot:5    | Killed an orb of fire
144643 | Zot:5    | Gained mutation: Potions and wands are less effective at restoring your health. [an orb of fire]
144652 | Zot:5    | Killed an orb of fire
144780 | Zot:5    | Got the Orb of Zot
144849 | Zot:5    | Noticed Hawuhek the pandemonium lord
144910 | Zot:3    | Gained mutation: You occasionally shout uncontrollably at your foes. [a neqoxec]
145100 | Depths:4 | Noticed Veoschi the pandemonium lord
145271 | Depths:2 | Noticed Unenar the pandemonium lord
145402 | D:13     | Noticed Nanapuva the pandemonium lord
145444 | D:12     | Killed Nanapuva the pandemonium lord
145580 | D:9      | Noticed Rabunos the pandemonium lord
145602 | D:8      | Killed Rabunos the pandemonium lord
145674 | D:6      | Noticed Haagueq the pandemonium lord
145775 | D:$      | Escaped with the Orb!

Skill      XL: |  1  2  3  4  5  6  7  8  9 10 11 12 13 14 15 16 17 18 19 20 21 22 23 24 25 26 27 |
---------------+----------------------------------------------------------------------------------+-----
Axes           | 3 4 5 6 10 11 13 16 19 23 27 | 27.0
Armour         | 4 5 8 10 13 14 16 18 27 | 27.0
Shields        | 4 5 10 13 16 19 27 | 27.0
Fighting       | 5 6 10 11 13 15 18 20 27 | 27.0
Dodging        | 4 5 10 11 15 18 27 | 27.0
Invocations    | 2 10 13 15 18 19 27 | 27.0
Throwing       | 1 3 |  3.7
Spellcasting   | 2 6 10 23 | 23.8
Necromancy     | 1 2 6 9 27 | 27.0
Translocations | 5 27 | 27.0
Maces & Flails | 7 22 | 22.6
Charms         | 6 |  6.6
Evocations     | 27 | 27.0
Transmutations | 11 | 11.8

Action                   |  1- 3 |  4- 6 |  7- 9 | 10-12 | 13-15 | 16-18 | 19-21 | 22-24 | 25-27 || total
-------------------------+-------+-------+-------+-------+-------+-------+-------+-------+-------++-------
Melee: War axe           |    90 |   125 |   124 |   984 |   362 |       |       |       |       ||  1685
       Headbutt          |    11 |    25 |    70 |   223 |   551 |   482 |   931 |   498 |  5061 ||  7852
       Broad axe         |       |    31 |   199 |       |       |       |   456 |  1390 |  5175 ||  7251
       Hand axe          |       |       |       |       |  1535 |  1522 |  1778 |       |       ||  4835
       Eveningstar       |       |       |       |       |       |       |   242 |       |       ||   242
       Sacred scourge    |       |       |       |       |       |       |       |       |  9219 ||  9219
Throw: Tomahawk          |       |     5 |     3 |     3 |       |       |       |       |       ||    11
       Javelin           |       |       |       |       |       |       |       |       |    41 ||    41
 Cast: Blink             |       |       |       |       |       |       |     1 |     1 |    23 ||    25
       Regeneration      |       |       |       |       |       |       |       |    10 |   284 ||   294
       Song of Slaying   |       |       |       |       |       |       |       |       |    44 ||    44
       Swiftness         |       |       |       |       |       |       |       |       |    27 ||    27
       Controlled Blink  |       |       |       |       |       |       |       |       |    21 ||    21
Invok: Upheaval          |       |       |       |       |     6 |       |    14 |     4 |   136 ||   160
       Elemental Force   |       |       |       |       |     8 |     5 |     8 |     1 |    11 ||    33
       Disaster Area     |       |       |       |       |     1 |       |       |     2 |    70 ||    73
 Abil: Evoke Flight      |       |       |       |       |       |       |       |       |    18 ||    18
       Stop Flying       |       |       |       |       |       |       |       |       |    14 ||    14
Evoke: Wand              |       |       |       |       |       |     1 |     2 |       |    68 ||    71
       Figurine of a zig |       |       |       |       |       |       |       |       |     2 ||     2
  Use: Scroll            |       |     1 |    11 |     5 |    16 |     5 |    25 |    19 |   180 ||   262
       Potion            |       |     1 |     3 |       |     1 |     2 |     2 |       |   120 ||   129
 Stab: Distracted        |       |       |       |       |       |     3 |     4 |     4 |    10 ||    21
       Petrified         |       |       |       |       |       |     1 |       |       |     1 ||     2
       Confused          |       |       |       |       |       |       |     1 |       |       ||     1
       Invisible         |       |       |       |       |       |       |       |       |     6 ||     6
  Eat: Chunk             |       |    13 |    14 |    18 |    44 |    40 |    62 |    35 |   256 ||   482
       Pizza             |       |       |       |     1 |     1 |       |       |       |    11 ||    13
       Beef jerky        |       |       |       |       |     1 |       |       |       |     1 ||     2
       Fruit             |       |       |       |       |       |     2 |       |       |    18 ||    20
       Royal jelly       |       |       |       |       |       |       |       |       |     3 ||     3
       Meat ration       |       |       |       |       |       |       |       |       |     1 ||     1
       Bread ration      |       |       |       |       |       |       |       |       |     1 ||     1
Armor: Scale mail        |    33 |    49 |   107 |    40 |       |       |       |       |       ||   229
       Chain mail        |       |       |       |   136 |    82 |   174 |   608 |   136 |       ||  1136
       Plate armour      |       |       |       |       |   251 |       |       |       |   267 ||   518
       Gold dragon armou |       |       |       |       |       |       |       |   263 |  2956 ||  3219
Dodge: Dodged            |    28 |    65 |    97 |   149 |   247 |   158 |   776 |   281 |  4123 ||  5924
       Deflected         |       |       |       |     3 |    14 |    22 |    60 |    34 |   218 ||   351
Block: Shield            |    50 |    93 |   137 |   704 |   582 |       |       |       |  1533 ||  3099
       Reflection        |       |       |     3 |     6 |    78 |   110 |       |       |   401 ||   598
       Large shield      |       |       |       |       |  1438 |  1364 |  3532 |  1746 | 15438 || 23518
       Other             |       |       |       |       |       |       |       |       |     7 ||     7
